Workbook
Name CCNLCoopCost: 'CCNL-appoggio'!$B$2:$B$18
Name CCNLCoopDes: 'CCNL-appoggio'!$A$2:$A$18
Name CCNLCostoOrarioAltroPersonale2: #REF!
Name CCNLCostoOrarioAltroPersonale3: #REF!
Name CCNLCostoOrarioAltroPesonale1: #REF!
Name CCNLCostoOrarioAltroPesonale1: #REF!
Name CCNLCostoOrarioAltroPesonale2: #REF!
Name CCNLCostoOrarioAltroPesonale2: #REF!
Name CCNLCostoOrarioAltroPesonale3: #REF!
Name CCNLCostoOrarioAltroPesonale3: #REF!
Name CCNLCostoOrarioAmministrativo: #REF!
Name CCNLCostoOrarioAmministrativo: #REF!
Name CCNLCostoOrarioAmministrativo1: #REF!
Name CCNLCostoOrarioAusiliari: #REF!
Name CCNLCostoOrarioAusiliari: #REF!
Name CCNLCostoOrarioCoordinatore: #REF!
Name CCNLCostoOrarioCoordinatore: #REF!
Name CCNLCostoOrarioCuoco: #REF!
Name CCNLCostoOrarioCuoco: #REF!
Name CCNLCostoOrarioEducatori: #REF!
Name CCNLCostoOrarioEducatori: #REF!
Name CCNLEELLCostOrd: 'CCNL-appoggio'!$G$2:$G$24
Name CCNLEELLCostStraord: 'CCNL-appoggio'!$H$2:$H$24
Name CCNLEELLDes: 'CCNL-appoggio'!$F$2:$F$24
Name CostoPastoMassimo: #REF!
Name CostoPastoMassimo: #REF!
Name InfanziaDifferenzaScheda: #REF!
Name InfanziaDifferenzaScheda: #REF!
Name InfanziaParametroCostoPasto: #REF!
Name InfanziaParametroCostoPasto: #REF!
Name infanziaParametroPercentualeCoordinamento: #REF!
Name infanziaParametroPercentualeCoordinamento: #REF!
Name InfanziaParametroPercentualeSpeseGenerali: #REF!
Name InfanziaParametroPercentualeSpeseGenerali: #REF!
Name InfanziaPercentualeAltroPersonale1: #REF!
Name InfanziaPercentualeAltroPersonale1: #REF!
Name InfanziaPercentualeAltroPersonale2: #REF!
Name InfanziaPercentualeAltroPersonale2: #REF!
Name InfanziaPercentualeAltroPersonale3: #REF!
Name InfanziaPercentualeAltroPersonale3: #REF!
Name InfanziaPercentualeMassimaCoordinamento: #REF!
Name InfanziaPercentualeMassimaCoordinamento: #REF!
Name InfaziaPercentualeMassimaSpeseGenerali: #REF!
Name InfaziaPercentualeMassimaSpeseGenerali: #REF!
Name mensilitàAttualiDettaglio: INPUT!$D$33:$D$39
Name mensilitàPacDettaglio: INPUT!$Q$45:$Q$51
Name mensilitàPacDettaglio1415: INPUT!#REF!
Name mensilitàPacDettaglio1516: INPUT!#REF!
Name mensilitàPacDettaglio1617: INPUT!#REF!
Name mensilitàPacDettaglio1718: INPUT!#REF!
Name mensilitàPacDettaglio1819: INPUT!#REF!
Name mensilitàPacDettaglio1920: INPUT!#REF!
Name mensilitàPacDettaglio2021: INPUT!$D$88:$F$94
Name mensilitàPacDettaglio2122: INPUT!#REF!
Name numeroPasti: #REF!
Name numeroPasti: #REF!
Name oreMassimeServizioOrdinario: #REF!
Name oreMassimeServizioOrdinario: #REF!
Name oreMassimeServizioSabato: #REF!
Name oreMassimeServizioSabato: #REF!

Sheet INPUT
A1: DATI GENERALI
B2: Regione di appartenenza | C2: Puglia
B3: Titolo del Progetto | C3: sostegno alla gestione sezione primavera
B4: Localizzazione | C4: Comuni nel Territorio Consorzio BR4
B5: Soggetto attuatore | C5: Consorzio Ambito BR.4
B6: R.U.P. | C6: BUDANO PIERPAOLO
B7: N. telefono del RUP | C7: 0831779207 - 3883441016
B8: Mail del RUP | C8: info@ambitomesagne.it
C12: Dati | D12: Note
B13: Tipologia di Servizio | C13: Nido / Micro-nido
A14: =+INDEX($A$233:$A$240,MATCH(C14,$B$233:$B$240,0)) -> 2 | B14: Servizio | C14: Sezioni Primavera
A16: DESCRIZIONE DELL'INTERVENTO DA FINANZIARE
B17: Descrizione del servizio | C17: Gestione Sezione Primavera | AR17: =+C17 -> Gestione Sezione Primavera
B18: Estremi dell'eventuale regolamentazione a livello di ambito/distretto e/o a livello di Comune | C18: Regolamento regionale R.R. 4/2007 E SS.MM.II. | AR18: =+C18 -> Regolamento regionale R.R. 4/2007 E SS.MM.II.
B19: Descrizione dell'eventuale regolamentazione a livello di ambito/distretto e/o a livello di comune | C19: L'attività è soggetta ad autorizzazione al funzionamento rilasciata prima dell'avvio delle attività contenente la conferma della titolarità e rispettivo aggiornamento del soggetto gestore | AR19: =+C19 -> L'attività è soggetta ad autorizzazione al funzionamento rilasciata prima dell'avvio delle attività contenente la conferma della titolarità e rispettivo aggiornamento del soggetto gestore
B20: Estremi del sistema di regolazione della compartecipazione degli utenti | C20: Delibera del comune approvata in sede di bilancio di previsione contenente importi da corrispondere in base alle fasce di reddito dell'utenza | AR20: =+C20 -> Delibera del comune approvata in sede di bilancio di previsione contenente importi da corrispondere in base alle fasce di reddito dell'utenza
B21: Descrizione del sistema di regolamentazione della compartecipazione degli utenti | C21: le quote sono definite in base all'indicatore ISEE | AR21: =+C21 -> le quote sono definite in base all'indicatore ISEE
B25: Modalità di gestione | C25: appalto di servizio ex D.lgs 50/2016 e ss.mm.ii. da bandire
B26: CCNL applicato | C26: CCNL Cooperative | D26: =+IF(AND(C25=C194,C26=C198),"Nel caso di gestione diretta è necessario utilizzare il CCNL Enti Locali.","") & IF(AND(C25=C196,C26<>C198),"Nel caso di concessione è necessario utilizzare il CCNL Cooperative.","")& IF(AND(C25=C192,C26<>C198),"Nel caso di appalto di servizi è necessario utilizzare il CCNL Cooperative.","")
B27: CCNL vigente | C27: da settembre 2020
A30: ELENCO DELLE STRUTTURE PUBBLICHE NELLE QUALI SI INTENDONO REALIZZARE I SERVIZI FINANZIATI CON IL PAC
B31: Strutture interessate dall'intervento del Pac | C31: n. utenti effettivi per a.s. 2022-2023
C33: 0
C34: 0
B35: Erchie | C35: 0
B36: San Pietro Vernotico | C36: 0
A42: AZIONI PROGRAMMATE CON LA SCHEDA DI INTERVENTO
B43: Nome struttura | C43: Tipologia di azione finanziata | D43: n. utenti sostenuti dal PAC | I43: Orario di apertura settimanale | P43: gg. Complessive | Q43: mesi di servizio previsti | R43: tariffa media al mese pagata dagli utenti (compartecipazione)
D44: Totale | E44: distinzione per fasce di età? | F44: di cui Lattanti | G44: di cui Semi-Divezzi | H44: di cui Divezzi | I44: lun | J44: mart | K44: merc | L44: gio | M44: ven | N44: sab | O44: dom.
B47: Erchie | C47: Servizio di nuova istituzione/utenti aggiuntivi | D47: 10 | E47: Si | H47: 10 | I47: 7 | J47: 7 | K47: 7 | L47: 7 | M47: 7 | N47: 6 | P47: =+COUNTIF(I47:O47,">0") -> 6 | Q47: 6.5
B48: San Pietro Vernotico | C48: Servizio di nuova istituzione/utenti aggiuntivi | D48: 10 | E48: Si | H48: 10 | I48: 7 | J48: 7 | K48: 7 | L48: 7 | M48: 7 | N48: 6 | P48: =+COUNTIF(I48:O48,">0") -> 6 | Q48: 6.5
P49: =+COUNTIF(I49:O49,">0") -> 0
P50: =+COUNTIF(I50:O50,">0") -> 0
P51: =+COUNTIF(I51:O51,">0") -> 0
P52: NB: se ci sono gg. In rosso, non si stanno rispettando i requisiti organizzativi del servizio
A53: STRUTTURA DEI COSTI
B54: Nome struttura | C54: ore di servizio | D54: Unità di personale a diretto contatto con l'utenza | G54: Cuoco | I54: Responsabile Amministrativo | K54: numero di pasti teorici | L54: Costo unitario previsto per pasto | M54: Eventuale quota del prezzo della concessione a carico dell'Ente
D55: Educatori Professionali | E55: Educatori | F55: Ausiliari | G55: Limite massimo (di unità equivalenti) | H55: Unità equivalenti previste | I55: Limite massimo (di unità equivalenti) | J55: Unità equivalenti previste
B58: =+B47 -> Erchie | C58: =+SUM(I47:O47)*Q47*4.333 -> 1154.7445 | D58: =+IF(E47=$C$203,ROUNDUP(D47/$H$243,0),IF($E$243>0,ROUNDUP(F47/$E$243,0),0)+IF($F$243>0,ROUNDUP(G47/$F$243,0),0)+IF($G$243>0,ROUNDUP(H47/$G$243,0),0))-E58 -> 1 | E58: =+IF(E47=$C$203,ROUNDDOWN(D47/$H$243*$I$243,0),IF($E$243>0,ROUNDDOWN(F47/$E$243*$I$243,0),0)+IF($F$243>0,ROUNDDOWN(G47/$F$243*$I$243,0),0)+IF($G$243>0,ROUNDDOWN(H47/$G$243*$I$243,0),0)) -> 0 | F58: =IFERROR(ROUNDUP(D47/$J$243,0),0) -> 1 | G58: =IF(AND($C$13=$C$160,D47>20),0.5,0) -> 0 | I58: =IF(AND($C$13=$C$160,D47>29),0.5,IF(AND($C$13=$C$160,D47>19),0.3,0)) -> 0 | K58: =+IF($C$13=$C$160,ROUNDUP(D47*(IF(I47>5,1,0)+IF(J47>5,1,0)+IF(K47>5,1,0)+IF(L47>5,1,0)+IF(M47>5,1,0)+IF(N47>5,1,0)+IF(O47>5,1,0))*Q47*4.333,0),0) -> 1690 | L58: 4
B59: =+B48 -> San Pietro Vernotico | C59: =+SUM(I48:O48)*Q48*4.333 -> 1154.7445 | D59: =+IF(E48=$C$203,ROUNDUP(D48/$H$243,0),IF($E$243>0,ROUNDUP(F48/$E$243,0),0)+IF($F$243>0,ROUNDUP(G48/$F$243,0),0)+IF($G$243>0,ROUNDUP(H48/$G$243,0),0))-E59 -> 1 | E59: =+IF(E48=$C$203,ROUNDDOWN(D48/$H$243*$I$243,0),IF($E$243>0,ROUNDDOWN(F48/$E$243*$I$243,0),0)+IF($F$243>0,ROUNDDOWN(G48/$F$243*$I$243,0),0)+IF($G$243>0,ROUNDDOWN(H48/$G$243*$I$243,0),0)) -> 0 | F59: =IFERROR(ROUNDUP(D48/$J$243,0),0) -> 1 | G59: =IF(AND($C$13=$C$160,D48>20),0.5,0) -> 0 | I59: =IF(AND($C$13=$C$160,D48>29),0.5,IF(AND($C$13=$C$160,D48>19),0.3,0)) -> 0 | K59: =+IF($C$13=$C$160,ROUNDUP(D48*(IF(I48>5,1,0)+IF(J48>5,1,0)+IF(K48>5,1,0)+IF(L48>5,1,0)+IF(M48>5,1,0)+IF(N48>5,1,0)+IF(O48>5,1,0))*Q48*4.333,0),0) -> 1690 | L59: 4
G60: =IF(AND($C$13=$C$160,D49>20),0.5,0) -> 0
G61: =IF(AND($C$13=$C$160,D50>20),0.5,0) -> 0
G62: =IF(AND($C$13=$C$160,D51>20),0.5,0) -> 0
B66: E' previsto coordinamento? | C66: Si
B67: Inserire l'incidenza percentuale del coordinamento (ore coordinamento/ore tot. Servizio) | C67: 0.08 | D67: =+IF(AND(C67>0,C67>0.15),"l'incidenza non può essere superiore al 15%","")
B68: ore del/dei coordinatore/i | C68: =+C67*(SUMPRODUCT(C56:C62,E56:E62)+SUMPRODUCT(C56:C62,F56:F62)+SUMPRODUCT(C56:C62,D56:D62)) -> 369.51824
B71: Sono previste spese generali | C71: Si
B72: Inserire la percentuale di spese generali che si intende applicare | C72: 0.08 | D72: =+IF(AND(C72>0,C72>0.08),"l'incidenza non può essere superiore all'8%","")
B73: Inserire eventuale percentuale aggiuntiva di spese generali che si intende applicare nell'a.s. 2020/2021 in realzione alle misure COVID-19 (max. 2% aggiuntivo) | D73: =+IF(AND(C73>0,C73>0.02),"l'incidenza non può essere superiore all'2%","")
B76: Eventuali economie in termini percentuali sul costo del personale riscontrate per effetto dell'aggiudicazione (nel caso di gara già bandita ed aggiudicata) | D76: =+IF(C76>0.1,"Stando al CCNL, anche considerando un numero di ore maggiore di quello previsto mediamente dalle tabelle del Ministero del Lavoro, il costo/orario medio del personale non può essere ribassato di più che il 10%. ","")
B78: Il soggetto che paga i servizi oggetto della scheda di intervento, incassa delle somme dagli utenti in ragione di servizi all'infanzia? | C78: No
B81: Aliquota IVA applicata | C81: 0.05
A84: DISTRIBUZIONE TEMPORALE DEL SERVIZIO PROGRAMMATA
D85: a.s. 2022-2023
D86: settembre-dicembre 2022 | E86: 1° semestre 2023 | F86: luglio 2023
B87: Nome struttura | C87: Tipologia di azione finanziata | D87: 4 | E87: 6 | F87: 1 | G87: Verifica di corrispondenza | H87: Costo lordo | I87: Spese geneali ex Covid | J87: Totale Costo Lordo | K87: costo netto senza spese generali ex COVID-19 | L87: Totale Costo Netto | AB87: ore servizio covid-19 | AC87: spese generali COVID-19 (NETTO IVA)
G88: =+SUM(D88:F88) -> 0 | H88: =+((C56*D56*$F$135+C56*E56*$F$136+C56*F56*$F$137+C56*J56*$F$138+H56*C56*$F$139+SUM(D56:F56)*C56*$C$67*$F$134)*(1+$C$72)+K56*L56)*IF($H$143>0,1+$C$81,1) -> 0 | I88: =+((AB88*D56*$F$135+AB88*E56*$F$136+AB88*F56*$F$137+AB88*J56*$F$138+H56*AB88*$F$139+SUM(D56:F56)*AB88*$C$67*$F$134)*($C$73))*IF($H$143>0,1+$C$81,1) -> 0 | J88: =+I88+H88 -> 0 | K88: =+((C56*D56*$F$135+C56*E56*$F$136+C56*F56*$F$137+C56*J56*$F$138+H56*C56*$F$139+SUM(D56:F56)*C56*$C$67*$F$134)*(1+$C$72)+K56*L56)*IF($H$143>0,1+$C$81,1)-R45*Q45*D45-IF(OR($C$25=$C$196,$C$25=$C$195),M56,0) -> 0 | L88: =+K88+I88 -> 0 | AB88: =+SUM(I45:O45)*SUM(D88:F88)*4.333 -> 0 | AC88: =+((AB88*D56*$F$135+AB88*E56*$F$136+AB88*F56*$F$137+AB88*J56*$F$138+H56*AB88*$F$139+SUM(D56:F56)*AB88*$C$67*$F$134)*($C$73)) -> 0
G89: =+SUM(D89:F89) -> 0 | H89: =+((C57*D57*$F$135+C57*E57*$F$136+C57*F57*$F$137+C57*J57*$F$138+H57*C57*$F$139+SUM(D57:F57)*C57*$C$67*$F$134)*(1+$C$72)+K57*L57)*IF($H$143>0,1+$C$81,1) -> 0 | I89: =+((AB89*D57*$F$135+AB89*E57*$F$136+AB89*F57*$F$137+AB89*J57*$F$138+H57*AB89*$F$139+SUM(D57:F57)*AB89*$C$67*$F$134)*($C$73))*IF($H$143>0,1+$C$81,1) -> 0 | J89: =+I89+H89 -> 0 | K89: =+((C57*D57*$F$135+C57*E57*$F$136+C57*F57*$F$137+C57*J57*$F$138+H57*C57*$F$139+SUM(D57:F57)*C57*$C$67*$F$134)*(1+$C$72)+K57*L57)*IF($H$143>0,1+$C$81,1)-R46*Q46*D46-IF(OR($C$25=$C$196,$C$25=$C$195),M57,0) -> 0 | L89: =+K89+I89 -> 0 | AB89: =+SUM(I46:O46)*SUM(D89:F89)*4.333 -> 0 | AC89: =+((AB89*D57*$F$135+AB89*E57*$F$136+AB89*F57*$F$137+AB89*J57*$F$138+H57*AB89*$F$139+SUM(D57:F57)*AB89*$C$67*$F$134)*($C$73)) -> 0
B90: =+B47 -> Erchie | C90: =+C47 -> Servizio di nuova istituzione/utenti aggiuntivi | D90: 0 | E90: 5.5 | F90: 1 | G90: =+SUM(D90:F90) -> 6.5 | H90: =+((C58*D58*$F$135+C58*E58*$F$136+C58*F58*$F$137+C58*J58*$F$138+H58*C58*$F$139+SUM(D58:F58)*C58*$C$67*$F$134)*(1+$C$72)+K58*L58)*IF($H$143>0,1+$C$81,1) -> 60006.764 | I90: =+((AB90*D58*$F$135+AB90*E58*$F$136+AB90*F58*$F$137+AB90*J58*$F$138+H58*AB90*$F$139+SUM(D58:F58)*AB90*$C$67*$F$134)*($C$73))*IF($H$143>0,1+$C$81,1) -> 0 | J90: =+I90+H90 -> 60006.764 | K90: =+((C58*D58*$F$135+C58*E58*$F$136+C58*F58*$F$137+C58*J58*$F$138+H58*C58*$F$139+SUM(D58:F58)*C58*$C$67*$F$134)*(1+$C$72)+K58*L58)*IF($H$143>0,1+$C$81,1)-R47*Q47*D47-IF(OR($C$25=$C$196,$C$25=$C$195),M58,0) -> 60006.764 | L90: =+K90+I90 -> 60006.764 | AB90: =+SUM(I47:O47)*SUM(D90:F90)*4.333 -> 1154.7445 | AC90: =+((AB90*D58*$F$135+AB90*E58*$F$136+AB90*F58*$F$137+AB90*J58*$F$138+H58*AB90*$F$139+SUM(D58:F58)*AB90*$C$67*$F$134)*($C$73)) -> 0
B91: =+B48 -> San Pietro Vernotico | C91: =+C48 -> Servizio di nuova istituzione/utenti aggiuntivi | D91: 0 | E91: 5.5 | F91: 1 | G91: =+SUM(D91:F91) -> 6.5 | H91: =+((C59*D59*$F$135+C59*E59*$F$136+C59*F59*$F$137+C59*J59*$F$138+H59*C59*$F$139+SUM(D59:F59)*C59*$C$67*$F$134)*(1+$C$72)+K59*L59)*IF($H$143>0,1+$C$81,1) -> 60006.764 | I91: =+((AB91*D59*$F$135+AB91*E59*$F$136+AB91*F59*$F$137+AB91*J59*$F$138+H59*AB91*$F$139+SUM(D59:F59)*AB91*$C$67*$F$134)*($C$73))*IF($H$143>0,1+$C$81,1) -> 0 | J91: =+I91+H91 -> 60006.764 | K91: =+((C59*D59*$F$135+C59*E59*$F$136+C59*F59*$F$137+C59*J59*$F$138+H59*C59*$F$139+SUM(D59:F59)*C59*$C$67*$F$134)*(1+$C$72)+K59*L59)*IF($H$143>0,1+$C$81,1)-R48*Q48*D48-IF(OR($C$25=$C$196,$C$25=$C$195),M59,0) -> 60006.764 | L91: =+K91+I91 -> 60006.764 | AB91: =+SUM(I48:O48)*SUM(D91:F91)*4.333 -> 1154.7445 | AC91: =+((AB91*D59*$F$135+AB91*E59*$F$136+AB91*F59*$F$137+AB91*J59*$F$138+H59*AB91*$F$139+SUM(D59:F59)*AB91*$C$67*$F$134)*($C$73)) -> 0
B92: =+B49 -> 0 | C92: =+C49 -> 0 | G92: =+SUM(D92:F92) -> 0 | H92: =+((C60*D60*$F$135+C60*E60*$F$136+C60*F60*$F$137+C60*J60*$F$138+H60*C60*$F$139+SUM(D60:F60)*C60*$C$67*$F$134)*(1+$C$72)+K60*L60)*IF($H$143>0,1+$C$81,1) -> 0 | I92: =+((AB92*D60*$F$135+AB92*E60*$F$136+AB92*F60*$F$137+AB92*J60*$F$138+H60*AB92*$F$139+SUM(D60:F60)*AB92*$C$67*$F$134)*($C$73))*IF($H$143>0,1+$C$81,1) -> 0 | J92: =+I92+H92 -> 0 | K92: =+((C60*D60*$F$135+C60*E60*$F$136+C60*F60*$F$137+C60*J60*$F$138+H60*C60*$F$139+SUM(D60:F60)*C60*$C$67*$F$134)*(1+$C$72)+K60*L60)*IF($H$143>0,1+$C$81,1)-R49*Q49*D49-IF(OR($C$25=$C$196,$C$25=$C$195),M60,0) -> 0 | L92: =+K92+I92 -> 0 | AB92: =+SUM(I49:O49)*SUM(D92:F92)*4.333 -> 0 | AC92: =+((AB92*D60*$F$135+AB92*E60*$F$136+AB92*F60*$F$137+AB92*J60*$F$138+H60*AB92*$F$139+SUM(D60:F60)*AB92*$C$67*$F$134)*($C$73)) -> 0
B93: =+B50 -> 0 | C93: =+C50 -> 0 | G93: =+SUM(D93:F93) -> 0 | H93: =+((C61*D61*$F$135+C61*E61*$F$136+C61*F61*$F$137+C61*J61*$F$138+H61*C61*$F$139+SUM(D61:F61)*C61*$C$67*$F$134)*(1+$C$72)+K61*L61)*IF($H$143>0,1+$C$81,1) -> 0 | I93: =+((AB93*D61*$F$135+AB93*E61*$F$136+AB93*F61*$F$137+AB93*J61*$F$138+H61*AB93*$F$139+SUM(D61:F61)*AB93*$C$67*$F$134)*($C$73))*IF($H$143>0,1+$C$81,1) -> 0 | J93: =+I93+H93 -> 0 | K93: =+((C61*D61*$F$135+C61*E61*$F$136+C61*F61*$F$137+C61*J61*$F$138+H61*C61*$F$139+SUM(D61:F61)*C61*$C$67*$F$134)*(1+$C$72)+K61*L61)*IF($H$143>0,1+$C$81,1)-R50*Q50*D50-IF(OR($C$25=$C$196,$C$25=$C$195),M61,0) -> 0 | L93: =+K93+I93 -> 0 | AB93: =+SUM(I50:O50)*SUM(D93:F93)*4.333 -> 0 | AC93: =+((AB93*D61*$F$135+AB93*E61*$F$136+AB93*F61*$F$137+AB93*J61*$F$138+H61*AB93*$F$139+SUM(D61:F61)*AB93*$C$67*$F$134)*($C$73)) -> 0
B94: =+B51 -> 0 | C94: =+C51 -> 0 | G94: =+SUM(D94:F94) -> 0 | H94: =+((C62*D62*$F$135+C62*E62*$F$136+C62*F62*$F$137+C62*J62*$F$138+H62*C62*$F$139+SUM(D62:F62)*C62*$C$67*$F$134)*(1+$C$72)+K62*L62)*IF($H$143>0,1+$C$81,1) -> 0 | I94: =+((AB94*D62*$F$135+AB94*E62*$F$136+AB94*F62*$F$137+AB94*J62*$F$138+H62*AB94*$F$139+SUM(D62:F62)*AB94*$C$67*$F$134)*($C$73))*IF($H$143>0,1+$C$81,1) -> 0 | J94: =+I94+H94 -> 0 | K94: =+((C62*D62*$F$135+C62*E62*$F$136+C62*F62*$F$137+C62*J62*$F$138+H62*C62*$F$139+SUM(D62:F62)*C62*$C$67*$F$134)*(1+$C$72)+K62*L62)*IF($H$143>0,1+$C$81,1)-R51*Q51*D51-IF(OR($C$25=$C$196,$C$25=$C$195),M62,0) -> 0 | L94: =+K94+I94 -> 0 | M94: Totale LORD | N94: Totale NETTO | AB94: =+SUM(I51:O51)*SUM(D94:F94)*4.333 -> 0 | AC94: =+((AB94*D62*$F$135+AB94*E62*$F$136+AB94*F62*$F$137+AB94*J62*$F$138+H62*AB94*$F$139+SUM(D62:F62)*AB94*$C$67*$F$134)*($C$73)) -> 0
M95: =+SUM(J88:J94) -> 120013.53 | N95: =+SUM(L88:L94) -> 120013.53
B97: Spesa al lordo | D97: a.s. 2022-2023
D98: settembre-dicembre 2022 | E98: 1° semestre 2023 | F98: luglio-agosto 2023
B99: =+B88 -> 0 | C99: =+C88 -> 0 | D99: =+IF($H88>0,D88*$H88/$G88,0)+IF($I88>0,D88*$I88/SUM($D88:$F88),0) -> 0 | E99: =+IF($H88>0,E88*$H88/$G88,0)+IF($I88>0,E88*$I88/SUM($D88:$F88),0) -> 0 | F99: =+IF($H88>0,F88*$H88/$G88,0)+IF($I88>0,F88*$I88/SUM($D88:$F88),0) -> 0
B100: =+B89 -> 0 | C100: =+C89 -> 0 | D100: =+IF($H89>0,D89*$H89/$G89,0)+IF($I89>0,D89*$I89/SUM($D89:$F89),0) -> 0 | E100: =+IF($H89>0,E89*$H89/$G89,0)+IF($I89>0,E89*$I89/SUM($D89:$F89),0) -> 0 | F100: =+IF($H89>0,F89*$H89/$G89,0)+IF($I89>0,F89*$I89/SUM($D89:$F89),0) -> 0
B101: =+B90 -> Erchie | C101: =+C90 -> Servizio di nuova istituzione/utenti aggiuntivi | D101: =+IF($H90>0,D90*$H90/$G90,0)+IF($I90>0,D90*$I90/SUM($D90:$F90),0) -> 0 | E101: =+IF($H90>0,E90*$H90/$G90,0)+IF($I90>0,E90*$I90/SUM($D90:$F90),0) -> 50774.954 | F101: =+IF($H90>0,F90*$H90/$G90,0)+IF($I90>0,F90*$I90/SUM($D90:$F90),0) -> 9231.8099
B102: =+B91 -> San Pietro Vernotico | C102: =+C91 -> Servizio di nuova istituzione/utenti aggiuntivi | D102: =+IF($H91>0,D91*$H91/$G91,0)+IF($I91>0,D91*$I91/SUM($D91:$F91),0) -> 0 | E102: =+IF($H91>0,E91*$H91/$G91,0)+IF($I91>0,E91*$I91/SUM($D91:$F91),0) -> 50774.954 | F102: =+IF($H91>0,F91*$H91/$G91,0)+IF($I91>0,F91*$I91/SUM($D91:$F91),0) -> 9231.8099
B103: =+B92 -> 0 | C103: =+C92 -> 0 | D103: =+IF($H92>0,D92*$H92/$G92,0)+IF($I92>0,D92*$I92/SUM($D92:$F92),0) -> 0 | E103: =+IF($H92>0,E92*$H92/$G92,0)+IF($I92>0,E92*$I92/SUM($D92:$F92),0) -> 0 | F103: =+IF($H92>0,F92*$H92/$G92,0)+IF($I92>0,F92*$I92/SUM($D92:$F92),0) -> 0
B104: =+B93 -> 0 | C104: =+C93 -> 0 | D104: =+IF($H93>0,D93*$H93/$G93,0)+IF($I93>0,D93*$I93/SUM($D93:$F93),0) -> 0 | E104: =+IF($H93>0,E93*$H93/$G93,0)+IF($I93>0,E93*$I93/SUM($D93:$F93),0) -> 0 | F104: =+IF($H93>0,F93*$H93/$G93,0)+IF($I93>0,F93*$I93/SUM($D93:$F93),0) -> 0
B105: =+B94 -> 0 | C105: =+C94 -> 0 | D105: =+IF($H94>0,D94*$H94/$G94,0)+IF($I94>0,D94*$I94/SUM($D94:$F94),0) -> 0 | E105: =+IF($H94>0,E94*$H94/$G94,0)+IF($I94>0,E94*$I94/SUM($D94:$F94),0) -> 0 | F105: =+IF($H94>0,F94*$H94/$G94,0)+IF($I94>0,F94*$I94/SUM($D94:$F94),0) -> 0
D106: =+SUM(D99:D105) -> 0 | E106: =+SUM(E99:E105) -> 101549.91 | F106: =+SUM(F99:F105) -> 18463.62
B109: Spesa al netto | D109: a.s. 2022-2023
D110: settembre-dicembre 2022 | E110: 1° semestre 2023 | F110: luglio-agosto 2023
B111: =+B99 -> 0 | C111: =+C99 -> 0 | D111: =+IF($K88>0,D88*$K88/$G88,0)+IF($I88>0,D88*$I88/SUM($D88:$F88),0) -> 0 | E111: =+IF($K88>0,E88*$K88/$G88,0)+IF($I88>0,E88*$I88/SUM($D88:$F88),0) -> 0 | F111: =+IF($K88>0,F88*$K88/$G88,0)+IF($I88>0,F88*$I88/SUM($D88:$F88),0) -> 0
B112: =+B100 -> 0 | C112: =+C100 -> 0 | D112: =+IF($K89>0,D89*$K89/$G89,0)+IF($I89>0,D89*$I89/SUM($D89:$F89),0) -> 0 | E112: =+IF($K89>0,E89*$K89/$G89,0)+IF($I89>0,E89*$I89/SUM($D89:$F89),0) -> 0 | F112: =+IF($K89>0,F89*$K89/$G89,0)+IF($I89>0,F89*$I89/SUM($D89:$F89),0) -> 0
B113: =+B101 -> Erchie | C113: =+C101 -> Servizio di nuova istituzione/utenti aggiuntivi | D113: =+IF($K90>0,D90*$K90/$G90,0)+IF($I90>0,D90*$I90/SUM($D90:$F90),0) -> 0 | E113: =+IF($K90>0,E90*$K90/$G90,0)+IF($I90>0,E90*$I90/SUM($D90:$F90),0) -> 50774.954 | F113: =+IF($K90>0,F90*$K90/$G90,0)+IF($I90>0,F90*$I90/SUM($D90:$F90),0) -> 9231.8099
B114: =+B102 -> San Pietro Vernotico | C114: =+C102 -> Servizio di nuova istituzione/utenti aggiuntivi | D114: =+IF($K91>0,D91*$K91/$G91,0)+IF($I91>0,D91*$I91/SUM($D91:$F91),0) -> 0 | E114: =+IF($K91>0,E91*$K91/$G91,0)+IF($I91>0,E91*$I91/SUM($D91:$F91),0) -> 50774.954 | F114: =+IF($K91>0,F91*$K91/$G91,0)+IF($I91>0,F91*$I91/SUM($D91:$F91),0) -> 9231.8099
B115: =+B103 -> 0 | C115: =+C103 -> 0 | D115: =+IF($K92>0,D92*$K92/$G92,0)+IF($I92>0,D92*$I92/SUM($D92:$F92),0) -> 0 | E115: =+IF($K92>0,E92*$K92/$G92,0)+IF($I92>0,E92*$I92/SUM($D92:$F92),0) -> 0 | F115: =+IF($K92>0,F92*$K92/$G92,0)+IF($I92>0,F92*$I92/SUM($D92:$F92),0) -> 0
B116: =+B104 -> 0 | C116: =+C104 -> 0 | D116: =+IF($K93>0,D93*$K93/$G93,0)+IF($I93>0,D93*$I93/SUM($D93:$F93),0) -> 0 | E116: =+IF($K93>0,E93*$K93/$G93,0)+IF($I93>0,E93*$I93/SUM($D93:$F93),0) -> 0 | F116: =+IF($K93>0,F93*$K93/$G93,0)+IF($I93>0,F93*$I93/SUM($D93:$F93),0) -> 0
B117: =+B105 -> 0 | C117: =+C105 -> 0 | D117: =+IF($K94>0,D94*$K94/$G94,0)+IF($I94>0,D94*$I94/SUM($D94:$F94),0) -> 0 | E117: =+IF($K94>0,E94*$K94/$G94,0)+IF($I94>0,E94*$I94/SUM($D94:$F94),0) -> 0 | F117: =+IF($K94>0,F94*$K94/$G94,0)+IF($I94>0,F94*$I94/SUM($D94:$F94),0) -> 0
D118: =+SUM(D111:D117) -> 0 | E118: =+SUM(E111:E117) -> 101549.91 | F118: =+SUM(F111:F117) -> 18463.62
A120: ITER PROCEDURALE E TEMPISTICA
D122: Data (mese e anno)
B123: Pubblicazione del bando di gara o equivalente (se pertinente) | D123: 44896
B124: Stipulazione del contratto di affidamento o equivalente (se pertinente) | D124: 44927
B125: Avvio servizio | D125: 44927
B126: data prevista conclusione servizio | D126: 45108
B132: PIANO DELLE SPESE CALCOLATO
C133: CCNL Applicato | D133: Profilo professionale | E133: Parametri | F133: Costo orario | G133: ore di servizio | H133: Costo | AG133: 1
B134: Coordinatore | C134: =+C26 -> CCNL Cooperative | D134: =+IF(C134=$C$198,"D3/E1","D1") -> D3/E1 | F134: =+INDEX('CCNL-appoggio'!$L$2:$L$24,MATCH(INPUT!D134,'CCNL-appoggio'!$K$2:$K$24,0))*IF($C$25=$C$196,1-$C$76,1)*IF($C$25=$C$193,1-$C$76,1) -> 21.59 | G134: =+C68 -> 369.51824 | H134: =+IF(C66=C202,G134*F134,0) -> 7977.8988 | AG134: =+IF(H134<>0,MAX($AG$133:AG133)+1,0) -> 2 | AI134: =+B134 & " - "&C134& " - " &D134 & " (costo orario " & ROUND(F134,2) & " €/ora)" -> Coordinatore - CCNL Cooperative - D3/E1 (costo orario 21,59 €/ora)
B135: Educatore Professionale | C135: =+C26 -> CCNL Cooperative | D135: =+IF(C135=$C$198,"D2","C1") -> D2 | F135: =+INDEX('CCNL-appoggio'!$L$2:$L$24,MATCH(INPUT!D135,'CCNL-appoggio'!$K$2:$K$24,0))*IF($C$25=$C$196,1-$C$76,1)*IF($C$25=$C$193,1-$C$76,1) -> 20.22 | G135: =+SUMPRODUCT(D56:D62,C56:C62) -> 2309.489 | H135: =+G135*F135 -> 46697.868 | AG135: =+IF(H135<>0,MAX($AG$133:AG134)+1,0) -> 3 | AI135: =+B135 & " - "&C135& " - " &D135 & " (costo orario " & ROUND(F135,2) & " €/ora)" -> Educatore Professionale - CCNL Cooperative - D2 (costo orario 20,22 €/ora)
B136: Educatore | C136: =+C26 -> CCNL Cooperative | D136: =+IF(C136=$C$198,"C3/D1","C1") -> C3/D1 | F136: =+INDEX('CCNL-appoggio'!$L$2:$L$24,MATCH(INPUT!D136,'CCNL-appoggio'!$K$2:$K$24,0))*IF($C$25=$C$196,1-$C$76,1)*IF($C$25=$C$193,1-$C$76,1) -> 19.13 | G136: =+SUMPRODUCT(E56:E62,C56:C62) -> 0 | H136: =+G136*F136 -> 0 | AG136: =+IF(H136<>0,MAX($AG$133:AG135)+1,0) -> 0 | AI136: =+B136 & " - "&C136& " - " &D136 & " (costo orario " & ROUND(F136,2) & " €/ora)" -> Educatore - CCNL Cooperative - C3/D1 (costo orario 19,13 €/ora)
B137: Ausiliario | C137: =+C26 -> CCNL Cooperative | D137: =+IF(C137=$C$198,"B1","A1") -> B1 | F137: =+INDEX('CCNL-appoggio'!$L$2:$L$24,MATCH(INPUT!D137,'CCNL-appoggio'!$K$2:$K$24,0))*IF($C$25=$C$196,1-$C$76,1)*IF($C$25=$C$193,1-$C$76,1) -> 16.73 | G137: =+SUMPRODUCT(C56:C62,F56:F62) -> 2309.489 | H137: =+G137*F137 -> 38637.751 | AG137: =+IF(H137<>0,MAX($AG$133:AG136)+1,0) -> 4 | AI137: =+B137 & " - "&C137& " - " &D137 & " (costo orario " & ROUND(F137,2) & " €/ora)" -> Ausiliario - CCNL Cooperative - B1 (costo orario 16,73 €/ora)
B138: Responsabile amministrativo | C138: =+C26 -> CCNL Cooperative | D138: =+IF(C138=$C$198,"C3/D1","C1") -> C3/D1 | F138: =+INDEX('CCNL-appoggio'!$L$2:$L$24,MATCH(INPUT!D138,'CCNL-appoggio'!$K$2:$K$24,0))*IF($C$25=$C$196,1-$C$76,1)*IF($C$25=$C$193,1-$C$76,1) -> 19.13 | G138: =+SUMPRODUCT(C56:C62,J56:J62) -> 0 | H138: =+G138*F138 -> 0 | AG138: =+IF(H138<>0,MAX($AG$133:AG137)+1,0) -> 0 | AI138: =+B138 & " - "&C138& " - " &D138 & " (costo orario " & ROUND(F138,2) & " €/ora)" -> Responsabile amministrativo - CCNL Cooperative - C3/D1 (costo orario 19,13 €/ora)
B139: Cuoco | C139: =+C26 -> CCNL Cooperative | D139: =+IF(C139=$C$198,"C1","B3") -> C1 | F139: =+INDEX('CCNL-appoggio'!$L$2:$L$24,MATCH(INPUT!D139,'CCNL-appoggio'!$K$2:$K$24,0))*IF($C$25=$C$196,1-$C$76,1)*IF($C$25=$C$193,1-$C$76,1) -> 18.02 | G139: =+SUMPRODUCT(C56:C62,H56:H62) -> 0 | H139: =+G139*F139 -> 0 | AG139: =+IF(H139<>0,MAX($AG$133:AG138)+1,0) -> 0 | AI139: =+B139 & " - "&C139& " - " &D139 & " (costo orario " & ROUND(F139,2) & " €/ora)" -> Cuoco - CCNL Cooperative - C1 (costo orario 18,02 €/ora)
B140: Pasti | E140: {=+SUM(IF(L56:L62>0,K56:K62,0))} -> 3380 | G140: =+E140 -> 3380 | H140: =+SUMPRODUCT(K56:K62,L56:L62) -> 13520 | AG140: =+IF(H140<>0,MAX($AG$133:AG139)+1,0) -> 5 | AH140: quantità | AI140: =+B140 -> Pasti
B141: Spese generali | E141: =+IF(C71="Si",C72,0) -> 0.08 | G141: =+E141 -> 0.08 | H141: =+E141*SUM(H134:H139) -> 7465.0814 | AG141: =+IF(H141<>0,MAX($AG$133:AG140)+1,0) -> 6 | AH141: percentuale | AI141: =+B141 -> Spese generali
...

Sheet SCHEDA DI INTERVENTO
A1: Scheda di intervento Tipologia 1 - Sostengo diretto alla gestione di strutture e servizi a titolarità pubblica
A2: Tipologia di servizio
A3: =+INPUT!C13 -> Nido / Micro-nido
A4: =+INPUT!C14 -> Sezioni Primavera
A5: A. Dati Identificativi
A6: a. | B6: Titolo del Progetto | E6: =+INPUT!C3 -> sostegno alla gestione sezione primavera | AV6: =+E6 -> sostegno alla gestione sezione primavera
A7: b. | B7: Localizzazione | E7: =+INPUT!C4 -> Comuni nel Territorio Consorzio BR4 | AV7: =+E7 -> Comuni nel Territorio Consorzio BR4
A8: c. | B8: Soggetto attuatore | E8: =+INPUT!C5 -> Consorzio Ambito BR.4 | AV8: =+E8 -> Consorzio Ambito BR.4
A9: d | B9: R.U.P. | E9: =+INPUT!C6 -> BUDANO PIERPAOLO | AV9: =+E9 -> BUDANO PIERPAOLO
A10: e. | B10: N. telefono del RUP | E10: =+INPUT!C7 -> 0831779207 - 3883441016 | AV10: =+E10 -> 0831779207 - 3883441016
A11: f | B11: Mail del RUP | E11: =+INPUT!C8 -> info@ambitomesagne.it | AV11: =+E11 -> info@ambitomesagne.it
A12: g | B12: Importo richiesto | K12: =+INPUT!H147 -> 120013.53
B13: di cui
B14: =INPUT!C163 -> Servizio di nuova istituzione/utenti aggiuntivi | K14: =+SUMPRODUCT((INPUT!$C$45:$C$51='SCHEDA DI INTERVENTO'!B14)*INPUT!$L$88:$L$94) -> 120013.53
B15: =INPUT!C164 -> Estensione del periodo di apertura (mensilità aggiuntive) | K15: =+SUMPRODUCT((INPUT!$C$45:$C$51='SCHEDA DI INTERVENTO'!B15)*INPUT!$L$88:$L$94) -> 0
B16: =INPUT!C165 -> Estensione dell'orario di servizio (maggiore orario settimanale) | K16: =+SUMPRODUCT((INPUT!$C$45:$C$51='SCHEDA DI INTERVENTO'!B16)*INPUT!$L$88:$L$94) -> 0
B17: =INPUT!C166 -> Sostegno alla gestione di servizi ed utenti già attivati | K17: =+SUMPRODUCT((INPUT!$C$45:$C$51='SCHEDA DI INTERVENTO'!B17)*INPUT!$L$88:$L$94) -> 0
A19: B. Dettaglio dell'intervento e risultati attesi
A20: a. | B20: Descrizione del servizio | E20: =+INPUT!C17 -> Gestione Sezione Primavera
A21: b. | B21: Modalità di gestione | E21: =+INPUT!C25 -> appalto di servizio ex D.lgs 50/2016 e ss.mm.ii. da bandire
A22: c. | B22: Estremi dell'eventuale regolamentazione a livello di ambito/distretto e/o a livello di Comune
E23: =+INPUT!C18 -> Regolamento regionale R.R. 4/2007 E SS.MM.II. | AV23: =+E23 -> Regolamento regionale R.R. 4/2007 E SS.MM.II.
A24: d. | B24: Descrizione dell'eventuale regolamentazione a livello di ambito/distretto e/o a livello di comune
E25: =+INPUT!C19 -> L'attività è soggetta ad autorizzazione al funzionamento rilasciata prima dell'avvio delle attività contenente la conferma della titolarità e rispettivo aggiornamento del soggetto gestore | AV25: =+E25 -> L'attività è soggetta ad autorizzazione al funzionamento rilasciata prima dell'avvio delle attività contenente la conferma della titolarità e rispettivo aggiornamento del soggetto gestore
A26: e. | B26: Estremi del sistema di regolazione della compartecipazione degli utenti
E27: =+INPUT!C20 -> Delibera del comune approvata in sede di bilancio di previsione contenente importi da corrispondere in base alle fasce di reddito dell'utenza | AV27: =+E27 -> Delibera del comune approvata in sede di bilancio di previsione contenente importi da corrispondere in base alle fasce di reddito dell'utenza
A28: f. | B28: Descrizione del sistema di regolamentazione della compartecipazione degli utenti
E29: =+INPUT!C21 -> le quote sono definite in base all'indicatore ISEE | AV29: =+E29 -> le quote sono definite in base all'indicatore ISEE
I31: n. utenti
A32: g. | B32: Utenti attuali | I32: =+SUM(utentiAttualiDettaglio) -> 0
A34: h. | B34: Utenti sostenuti dal PAC | I34: n. utenti | K34: mensilità | M34: ore servizio
B35: =+B14 -> Servizio di nuova istituzione/utenti aggiuntivi | I35: =+SUMPRODUCT((tipologiaInterventoPacDettaglio=B35)*utentiPacDettaglio) -> 20 | K35: =+SUMPRODUCT((tipologiaInterventoPacDettaglio=B35)*mensilitàPacDettaglio) -> 13 | M35: =+SUMPRODUCT((tipologiaInterventoPacDettaglio=B35)*oreServizioPacDettaglio) -> 2309.489
B36: =+B15 -> Estensione del periodo di apertura (mensilità aggiuntive) | I36: =+SUMPRODUCT((tipologiaInterventoPacDettaglio=B36)*utentiPacDettaglio) -> 0 | K36: =+SUMPRODUCT((tipologiaInterventoPacDettaglio=B36)*mensilitàPacDettaglio) -> 0 | M36: =+SUMPRODUCT((tipologiaInterventoPacDettaglio=B36)*oreServizioPacDettaglio) -> 0
B37: =+B16 -> Estensione dell'orario di servizio (maggiore orario settimanale) | I37: =+SUMPRODUCT((tipologiaInterventoPacDettaglio=B37)*utentiPacDettaglio) -> 0 | K37: =+SUMPRODUCT((tipologiaInterventoPacDettaglio=B37)*mensilitàPacDettaglio) -> 0 | M37: =+SUMPRODUCT((tipologiaInterventoPacDettaglio=B37)*oreServizioPacDettaglio) -> 0
B38: =+B17 -> Sostegno alla gestione di servizi ed utenti già attivati | I38: =+SUMPRODUCT((tipologiaInterventoPacDettaglio=B38)*utentiPacDettaglio) -> 0 | K38: =+SUMPRODUCT((tipologiaInterventoPacDettaglio=B38)*mensilitàPacDettaglio) -> 0 | M38: =+SUMPRODUCT((tipologiaInterventoPacDettaglio=B38)*oreServizioPacDettaglio) -> 0
A41: i. | B41: Strutture/servizi finanziati con il PAC | G41: utenti attuali (a.s. 2013/14)
B42: =+INPUT!B33 -> 0 | G42: =+SUMPRODUCT(utentiAttualiDettaglio*(strutturePACdettaglio=B42)) -> 0
B43: =+INPUT!B34 -> 0 | G43: =+SUMPRODUCT(utentiAttualiDettaglio*(strutturePACdettaglio=B43)) -> 0
B44: =+INPUT!B35 -> Erchie | G44: =+SUMPRODUCT(utentiAttualiDettaglio*(strutturePACdettaglio=B44)) -> 0
B45: =+INPUT!B36 -> San Pietro Vernotico | G45: =+SUMPRODUCT(utentiAttualiDettaglio*(strutturePACdettaglio=B45)) -> 0
B46: =+INPUT!B37 -> 0 | G46: =+SUMPRODUCT(utentiAttualiDettaglio*(strutturePACdettaglio=B46)) -> 0
B47: =+INPUT!B38 -> 0 | G47: =+SUMPRODUCT(utentiAttualiDettaglio*(strutturePACdettaglio=B47)) -> 0
B48: =+INPUT!B39 -> 0 | G48: =+SUMPRODUCT(utentiAttualiDettaglio*(strutturePACdettaglio=B48)) -> 0
G50: Utenti mantenuti PAC | N50: Mensilità | Q50: Risorse PAC
B51: Strutture/servizi finanziati con il PAC | G51: utenti | I51: ore di servizio | K51: mensilità | M51: di cui | N51: a.s. 22/23 | Q51: a.s. 22/23
B52: =+B42 -> 0 | G52: =+SUMPRODUCT(utentiPacDettaglio*(struttureInterventiPacDettaglio=$B42)*(tipologiaInterventoPacDettaglio=B$38)) -> 0 | I52: =+SUMPRODUCT(oreServizioPacDettaglio*(struttureInterventiPacDettaglio=$B42)*(tipologiaInterventoPacDettaglio=B$38)) -> 0 | K52: =+SUMPRODUCT(mensilitàPacDettaglio*(struttureInterventiPacDettaglio=$B42)*(tipologiaInterventoPacDettaglio=B$38)) -> 0 | N52: =+SUMPRODUCT(mensilitàPacDettaglio2021*(struttureInterventiPacDettaglio=$B42)*(tipologiaInterventoPacDettaglio=B$38)) -> 0 | Q52: =+SUMPRODUCT(risorseNettePacDettaglio2021*(struttureInterventiPacDettaglio=$B42)*(tipologiaInterventoPacDettaglio=B$38)) -> 0
B53: =+B43 -> 0 | G53: =+SUMPRODUCT(utentiPacDettaglio*(struttureInterventiPacDettaglio=$B43)*(tipologiaInterventoPacDettaglio=B$38)) -> 0 | I53: =+SUMPRODUCT(oreServizioPacDettaglio*(struttureInterventiPacDettaglio=$B43)*(tipologiaInterventoPacDettaglio=B$38)) -> 0 | K53: =+SUMPRODUCT(mensilitàPacDettaglio*(struttureInterventiPacDettaglio=$B43)*(tipologiaInterventoPacDettaglio=B$38)) -> 0 | N53: =+SUMPRODUCT(mensilitàPacDettaglio2021*(struttureInterventiPacDettaglio=$B43)*(tipologiaInterventoPacDettaglio=B$38)) -> 0 | Q53: =+SUMPRODUCT(risorseNettePacDettaglio2021*(struttureInterventiPacDettaglio=$B43)*(tipologiaInterventoPacDettaglio=B$38)) -> 0
B54: =+B44 -> Erchie | G54: =+SUMPRODUCT(utentiPacDettaglio*(struttureInterventiPacDettaglio=$B44)*(tipologiaInterventoPacDettaglio=B$38)) -> 0 | I54: =+SUMPRODUCT(oreServizioPacDettaglio*(struttureInterventiPacDettaglio=$B44)*(tipologiaInterventoPacDettaglio=B$38)) -> 0 | K54: =+SUMPRODUCT(mensilitàPacDettaglio*(struttureInterventiPacDettaglio=$B44)*(tipologiaInterventoPacDettaglio=B$38)) -> 0 | N54: =+SUMPRODUCT(mensilitàPacDettaglio2021*(struttureInterventiPacDettaglio=$B44)*(tipologiaInterventoPacDettaglio=B$38)) -> 0 | Q54: =+SUMPRODUCT(risorseNettePacDettaglio2021*(struttureInterventiPacDettaglio=$B44)*(tipologiaInterventoPacDettaglio=B$38)) -> 0
B55: =+B45 -> San Pietro Vernotico | G55: =+SUMPRODUCT(utentiPacDettaglio*(struttureInterventiPacDettaglio=$B45)*(tipologiaInterventoPacDettaglio=B$38)) -> 0 | I55: =+SUMPRODUCT(oreServizioPacDettaglio*(struttureInterventiPacDettaglio=$B45)*(tipologiaInterventoPacDettaglio=B$38)) -> 0 | K55: =+SUMPRODUCT(mensilitàPacDettaglio*(struttureInterventiPacDettaglio=$B45)*(tipologiaInterventoPacDettaglio=B$38)) -> 0 | N55: =+SUMPRODUCT(mensilitàPacDettaglio2021*(struttureInterventiPacDettaglio=$B45)*(tipologiaInterventoPacDettaglio=B$38)) -> 0 | Q55: =+SUMPRODUCT(risorseNettePacDettaglio2021*(struttureInterventiPacDettaglio=$B45)*(tipologiaInterventoPacDettaglio=B$38)) -> 0
B56: =+B46 -> 0 | G56: =+SUMPRODUCT(utentiPacDettaglio*(struttureInterventiPacDettaglio=$B46)*(tipologiaInterventoPacDettaglio=B$38)) -> 0 | I56: =+SUMPRODUCT(oreServizioPacDettaglio*(struttureInterventiPacDettaglio=$B46)*(tipologiaInterventoPacDettaglio=B$38)) -> 0 | K56: =+SUMPRODUCT(mensilitàPacDettaglio*(struttureInterventiPacDettaglio=$B46)*(tipologiaInterventoPacDettaglio=B$38)) -> 0 | N56: =+SUMPRODUCT(mensilitàPacDettaglio2021*(struttureInterventiPacDettaglio=$B46)*(tipologiaInterventoPacDettaglio=B$38)) -> 0 | Q56: =+SUMPRODUCT(risorseNettePacDettaglio2021*(struttureInterventiPacDettaglio=$B46)*(tipologiaInterventoPacDettaglio=B$38)) -> 0
B57: =+B47 -> 0 | G57: =+SUMPRODUCT(utentiPacDettaglio*(struttureInterventiPacDettaglio=$B47)*(tipologiaInterventoPacDettaglio=B$38)) -> 0 | I57: =+SUMPRODUCT(oreServizioPacDettaglio*(struttureInterventiPacDettaglio=$B47)*(tipologiaInterventoPacDettaglio=B$38)) -> 0 | K57: =+SUMPRODUCT(mensilitàPacDettaglio*(struttureInterventiPacDettaglio=$B47)*(tipologiaInterventoPacDettaglio=B$38)) -> 0 | N57: =+SUMPRODUCT(mensilitàPacDettaglio2021*(struttureInterventiPacDettaglio=$B47)*(tipologiaInterventoPacDettaglio=B$38)) -> 0 | Q57: =+SUMPRODUCT(risorseNettePacDettaglio2021*(struttureInterventiPacDettaglio=$B47)*(tipologiaInterventoPacDettaglio=B$38)) -> 0
B58: =+B48 -> 0 | G58: =+SUMPRODUCT(utentiPacDettaglio*(struttureInterventiPacDettaglio=$B48)*(tipologiaInterventoPacDettaglio=B$38)) -> 0 | I58: =+SUMPRODUCT(oreServizioPacDettaglio*(struttureInterventiPacDettaglio=$B48)*(tipologiaInterventoPacDettaglio=B$38)) -> 0 | K58: =+SUMPRODUCT(mensilitàPacDettaglio*(struttureInterventiPacDettaglio=$B48)*(tipologiaInterventoPacDettaglio=B$38)) -> 0 | N58: =+SUMPRODUCT(mensilitàPacDettaglio2021*(struttureInterventiPacDettaglio=$B48)*(tipologiaInterventoPacDettaglio=B$38)) -> 0 | Q58: =+SUMPRODUCT(risorseNettePacDettaglio2021*(struttureInterventiPacDettaglio=$B48)*(tipologiaInterventoPacDettaglio=B$38)) -> 0
B59: Totale | G59: =+SUM(G52:H58) -> 0 | I59: =+SUM(I52:J58) -> 0 | K59: =+SUM(K52:L58) -> 0 | N59: =+SUM(N52:O58) -> 0 | Q59: =+SUM(Q52:R58) -> 0
G61: Utenti aggiuntivi PAC | N61: Mensilità | Q61: Risorse PAC
B62: Strutture/servizi finanziati con il PAC | G62: utenti | I62: ore di servizio | K62: mensilità | M62: di cui | N62: a.s. 22/23 | Q62: a.s. 22/23
B63: =+B52 -> 0 | G63: =+SUMPRODUCT(utentiPacDettaglio*(struttureInterventiPacDettaglio=$B42)*(tipologiaInterventoPacDettaglio=B$35)) -> 0 | I63: =+SUMPRODUCT(oreServizioPacDettaglio*(struttureInterventiPacDettaglio=$B42)*(tipologiaInterventoPacDettaglio=B$35)) -> 0 | K63: =+SUMPRODUCT(mensilitàPacDettaglio*(struttureInterventiPacDettaglio=$B42)*(tipologiaInterventoPacDettaglio=B$35)) -> 0 | N63: =+SUMPRODUCT(mensilitàPacDettaglio2021*(struttureInterventiPacDettaglio=$B42)*(tipologiaInterventoPacDettaglio=B$35)) -> 0 | Q63: =+SUMPRODUCT(risorseNettePacDettaglio2021*(struttureInterventiPacDettaglio=$B42)*(tipologiaInterventoPacDettaglio=B$35)) -> 0
B64: =+B53 -> 0 | G64: =+SUMPRODUCT(utentiPacDettaglio*(struttureInterventiPacDettaglio=$B43)*(tipologiaInterventoPacDettaglio=B$35)) -> 0 | I64: =+SUMPRODUCT(oreServizioPacDettaglio*(struttureInterventiPacDettaglio=$B43)*(tipologiaInterventoPacDettaglio=B$35)) -> 0 | K64: =+SUMPRODUCT(mensilitàPacDettaglio*(struttureInterventiPacDettaglio=$B43)*(tipologiaInterventoPacDettaglio=B$35)) -> 0 | N64: =+SUMPRODUCT(mensilitàPacDettaglio2021*(struttureInterventiPacDettaglio=$B43)*(tipologiaInterventoPacDettaglio=B$35)) -> 0 | Q64: =+SUMPRODUCT(risorseNettePacDettaglio2021*(struttureInterventiPacDettaglio=$B43)*(tipologiaInterventoPacDettaglio=B$35)) -> 0
B65: =+B54 -> Erchie | G65: =+SUMPRODUCT(utentiPacDettaglio*(struttureInterventiPacDettaglio=$B44)*(tipologiaInterventoPacDettaglio=B$35)) -> 10 | I65: =+SUMPRODUCT(oreServizioPacDettaglio*(struttureInterventiPacDettaglio=$B44)*(tipologiaInterventoPacDettaglio=B$35)) -> 1154.7445 | K65: =+SUMPRODUCT(mensilitàPacDettaglio*(struttureInterventiPacDettaglio=$B44)*(tipologiaInterventoPacDettaglio=B$35)) -> 6.5 | N65: =+SUMPRODUCT(mensilitàPacDettaglio2021*(struttureInterventiPacDettaglio=$B44)*(tipologiaInterventoPacDettaglio=B$35)) -> 6.5 | Q65: =+SUMPRODUCT(risorseNettePacDettaglio2021*(struttureInterventiPacDettaglio=$B44)*(tipologiaInterventoPacDettaglio=B$35)) -> 60006.764
B66: =+B55 -> San Pietro Vernotico | G66: =+SUMPRODUCT(utentiPacDettaglio*(struttureInterventiPacDettaglio=$B45)*(tipologiaInterventoPacDettaglio=B$35)) -> 10 | I66: =+SUMPRODUCT(oreServizioPacDettaglio*(struttureInterventiPacDettaglio=$B45)*(tipologiaInterventoPacDettaglio=B$35)) -> 1154.7445 | K66: =+SUMPRODUCT(mensilitàPacDettaglio*(struttureInterventiPacDettaglio=$B45)*(tipologiaInterventoPacDettaglio=B$35)) -> 6.5 | N66: =+SUMPRODUCT(mensilitàPacDettaglio2021*(struttureInterventiPacDettaglio=$B45)*(tipologiaInterventoPacDettaglio=B$35)) -> 6.5 | Q66: =+SUMPRODUCT(risorseNettePacDettaglio2021*(struttureInterventiPacDettaglio=$B45)*(tipologiaInterventoPacDettaglio=B$35)) -> 60006.764
B67: =+B56 -> 0 | G67: =+SUMPRODUCT(utentiPacDettaglio*(struttureInterventiPacDettaglio=$B46)*(tipologiaInterventoPacDettaglio=B$35)) -> 0 | I67: =+SUMPRODUCT(oreServizioPacDettaglio*(struttureInterventiPacDettaglio=$B46)*(tipologiaInterventoPacDettaglio=B$35)) -> 0 | K67: =+SUMPRODUCT(mensilitàPacDettaglio*(struttureInterventiPacDettaglio=$B46)*(tipologiaInterventoPacDettaglio=B$35)) -> 0 | N67: =+SUMPRODUCT(mensilitàPacDettaglio2021*(struttureInterventiPacDettaglio=$B46)*(tipologiaInterventoPacDettaglio=B$35)) -> 0 | Q67: =+SUMPRODUCT(risorseNettePacDettaglio2021*(struttureInterventiPacDettaglio=$B46)*(tipologiaInterventoPacDettaglio=B$35)) -> 0
B68: =+B57 -> 0 | G68: =+SUMPRODUCT(utentiPacDettaglio*(struttureInterventiPacDettaglio=$B47)*(tipologiaInterventoPacDettaglio=B$35)) -> 0 | I68: =+SUMPRODUCT(oreServizioPacDettaglio*(struttureInterventiPacDettaglio=$B47)*(tipologiaInterventoPacDettaglio=B$35)) -> 0 | K68: =+SUMPRODUCT(mensilitàPacDettaglio*(struttureInterventiPacDettaglio=$B47)*(tipologiaInterventoPacDettaglio=B$35)) -> 0 | N68: =+SUMPRODUCT(mensilitàPacDettaglio2021*(struttureInterventiPacDettaglio=$B47)*(tipologiaInterventoPacDettaglio=B$35)) -> 0 | Q68: =+SUMPRODUCT(risorseNettePacDettaglio2021*(struttureInterventiPacDettaglio=$B47)*(tipologiaInterventoPacDettaglio=B$35)) -> 0
B69: =+B58 -> 0 | G69: =+SUMPRODUCT(utentiPacDettaglio*(struttureInterventiPacDettaglio=$B48)*(tipologiaInterventoPacDettaglio=B$35)) -> 0 | I69: =+SUMPRODUCT(oreServizioPacDettaglio*(struttureInterventiPacDettaglio=$B48)*(tipologiaInterventoPacDettaglio=B$35)) -> 0 | K69: =+SUMPRODUCT(mensilitàPacDettaglio*(struttureInterventiPacDettaglio=$B48)*(tipologiaInterventoPacDettaglio=B$35)) -> 0 | N69: =+SUMPRODUCT(mensilitàPacDettaglio2021*(struttureInterventiPacDettaglio=$B48)*(tipologiaInterventoPacDettaglio=B$35)) -> 0 | Q69: =+SUMPRODUCT(risorseNettePacDettaglio2021*(struttureInterventiPacDettaglio=$B48)*(tipologiaInterventoPacDettaglio=B$35)) -> 0
B70: Totale | G70: =+SUM(G63:H69) -> 20 | I70: =+SUM(I63:J69) -> 2309.489 | K70: =+SUM(K63:L69) -> 13 | N70: =+SUM(N63:O69) -> 13 | Q70: =+SUM(Q63:R69) -> 120013.53
G72: estensione periodo di servizio PAC | N72: Mensilità | Q72: Risorse PAC
B73: Strutture/servizi finanziati con il PAC | G73: utenti | I73: ore di servizio | K73: mensilità | M73: di cui | N73: a.s. 22/23 | Q73: a.s. 22/23
B74: =+B63 -> 0 | G74: =+SUMPRODUCT(utentiPacDettaglio*(struttureInterventiPacDettaglio=$B42)*(tipologiaInterventoPacDettaglio=B$36)) -> 0 | I74: =+SUMPRODUCT(oreServizioPacDettaglio*(struttureInterventiPacDettaglio=$B42)*(tipologiaInterventoPacDettaglio=B$36)) -> 0 | K74: =+SUMPRODUCT(mensilitàPacDettaglio*(struttureInterventiPacDettaglio=$B42)*(tipologiaInterventoPacDettaglio=B$36)) -> 0 | N74: =+SUMPRODUCT(mensilitàPacDettaglio2021*(struttureInterventiPacDettaglio=$B42)*(tipologiaInterventoPacDettaglio=B$36)) -> 0 | Q74: =+SUMPRODUCT(risorseNettePacDettaglio2021*(struttureInterventiPacDettaglio=$B42)*(tipologiaInterventoPacDettaglio=B$36)) -> 0
B75: =+B64 -> 0 | G75: =+SUMPRODUCT(utentiPacDettaglio*(struttureInterventiPacDettaglio=$B43)*(tipologiaInterventoPacDettaglio=B$36)) -> 0 | I75: =+SUMPRODUCT(oreServizioPacDettaglio*(struttureInterventiPacDettaglio=$B43)*(tipologiaInterventoPacDettaglio=B$36)) -> 0 | K75: =+SUMPRODUCT(mensilitàPacDettaglio*(struttureInterventiPacDettaglio=$B43)*(tipologiaInterventoPacDettaglio=B$36)) -> 0 | N75: =+SUMPRODUCT(mensilitàPacDettaglio2021*(struttureInterventiPacDettaglio=$B43)*(tipologiaInterventoPacDettaglio=B$36)) -> 0 | Q75: =+SUMPRODUCT(risorseNettePacDettaglio2021*(struttureInterventiPacDettaglio=$B43)*(tipologiaInterventoPacDettaglio=B$36)) -> 0
B76: =+B65 -> Erchie | G76: =+SUMPRODUCT(utentiPacDettaglio*(struttureInterventiPacDettaglio=$B44)*(tipologiaInterventoPacDettaglio=B$36)) -> 0 | I76: =+SUMPRODUCT(oreServizioPacDettaglio*(struttureInterventiPacDettaglio=$B44)*(tipologiaInterventoPacDettaglio=B$36)) -> 0 | K76: =+SUMPRODUCT(mensilitàPacDettaglio*(struttureInterventiPacDettaglio=$B44)*(tipologiaInterventoPacDettaglio=B$36)) -> 0 | N76: =+SUMPRODUCT(mensilitàPacDettaglio2021*(struttureInterventiPacDettaglio=$B44)*(tipologiaInterventoPacDettaglio=B$36)) -> 0 | Q76: =+SUMPRODUCT(risorseNettePacDettaglio2021*(struttureInterventiPacDettaglio=$B44)*(tipologiaInterventoPacDettaglio=B$36)) -> 0
B77: =+B66 -> San Pietro Vernotico | G77: =+SUMPRODUCT(utentiPacDettaglio*(struttureInterventiPacDettaglio=$B45)*(tipologiaInterventoPacDettaglio=B$36)) -> 0 | I77: =+SUMPRODUCT(oreServizioPacDettaglio*(struttureInterventiPacDettaglio=$B45)*(tipologiaInterventoPacDettaglio=B$36)) -> 0 | K77: =+SUMPRODUCT(mensilitàPacDettaglio*(struttureInterventiPacDettaglio=$B45)*(tipologiaInterventoPacDettaglio=B$36)) -> 0 | N77: =+SUMPRODUCT(mensilitàPacDettaglio2021*(struttureInterventiPacDettaglio=$B45)*(tipologiaInterventoPacDettaglio=B$36)) -> 0 | Q77: =+SUMPRODUCT(risorseNettePacDettaglio2021*(struttureInterventiPacDettaglio=$B45)*(tipologiaInterventoPacDettaglio=B$36)) -> 0
B78: =+B67 -> 0 | G78: =+SUMPRODUCT(utentiPacDettaglio*(struttureInterventiPacDettaglio=$B46)*(tipologiaInterventoPacDettaglio=B$36)) -> 0 | I78: =+SUMPRODUCT(oreServizioPacDettaglio*(struttureInterventiPacDettaglio=$B46)*(tipologiaInterventoPacDettaglio=B$36)) -> 0 | K78: =+SUMPRODUCT(mensilitàPacDettaglio*(struttureInterventiPacDettaglio=$B46)*(tipologiaInterventoPacDettaglio=B$36)) -> 0 | N78: =+SUMPRODUCT(mensilitàPacDettaglio2021*(struttureInterventiPacDettaglio=$B46)*(tipologiaInterventoPacDettaglio=B$36)) -> 0 | Q78: =+SUMPRODUCT(risorseNettePacDettaglio2021*(struttureInterventiPacDettaglio=$B46)*(tipologiaInterventoPacDettaglio=B$36)) -> 0
B79: =+B68 -> 0 | G79: =+SUMPRODUCT(utentiPacDettaglio*(struttureInterventiPacDettaglio=$B47)*(tipologiaInterventoPacDettaglio=B$36)) -> 0 | I79: =+SUMPRODUCT(oreServizioPacDettaglio*(struttureInterventiPacDettaglio=$B47)*(tipologiaInterventoPacDettaglio=B$36)) -> 0 | K79: =+SUMPRODUCT(mensilitàPacDettaglio*(struttureInterventiPacDettaglio=$B47)*(tipologiaInterventoPacDettaglio=B$36)) -> 0 | N79: =+SUMPRODUCT(mensilitàPacDettaglio2021*(struttureInterventiPacDettaglio=$B47)*(tipologiaInterventoPacDettaglio=B$36)) -> 0 | Q79: =+SUMPRODUCT(risorseNettePacDettaglio2021*(struttureInterventiPacDettaglio=$B47)*(tipologiaInterventoPacDettaglio=B$36)) -> 0
B80: =+B69 -> 0 | G80: =+SUMPRODUCT(utentiPacDettaglio*(struttureInterventiPacDettaglio=$B48)*(tipologiaInterventoPacDettaglio=B$36)) -> 0 | I80: =+SUMPRODUCT(oreServizioPacDettaglio*(struttureInterventiPacDettaglio=$B48)*(tipologiaInterventoPacDettaglio=B$36)) -> 0 | K80: =+SUMPRODUCT(mensilitàPacDettaglio*(struttureInterventiPacDettaglio=$B48)*(tipologiaInterventoPacDettaglio=B$36)) -> 0 | N80: =+SUMPRODUCT(mensilitàPacDettaglio2021*(struttureInterventiPacDettaglio=$B48)*(tipologiaInterventoPacDettaglio=B$36)) -> 0 | Q80: =+SUMPRODUCT(risorseNettePacDettaglio2021*(struttureInterventiPacDettaglio=$B48)*(tipologiaInterventoPacDettaglio=B$36)) -> 0
B81: Totale | G81: =+SUM(G74:H80) -> 0 | I81: =+SUM(I74:J80) -> 0 | K81: =+SUM(K74:L80) -> 0 | N81: =+SUM(N74:O80) -> 0 | Q81: =+SUM(Q74:R80) -> 0
G83: estensione orario di servizio PAC | N83: Mensilità | Q83: Risorse PAC
B84: Strutture/servizi finanziati con il PAC | G84: utenti | I84: ore di servizio | K84: mensilità | M84: di cui | N84: a.s. 22/23 | Q84: a.s. 22/23
B85: =+B74 -> 0 | G85: =+SUMPRODUCT(utentiPacDettaglio*(struttureInterventiPacDettaglio=$B42)*(tipologiaInterventoPacDettaglio=B$37)) -> 0 | I85: =+SUMPRODUCT(oreServizioPacDettaglio*(struttureInterventiPacDettaglio=$B42)*(tipologiaInterventoPacDettaglio=B$37)) -> 0 | K85: =+SUMPRODUCT(mensilitàPacDettaglio*(struttureInterventiPacDettaglio=$B42)*(tipologiaInterventoPacDettaglio=B$37)) -> 0 | N85: =+SUMPRODUCT(mensilitàPacDettaglio2021*(struttureInterventiPacDettaglio=$B42)*(tipologiaInterventoPacDettaglio=B$37)) -> 0 | Q85: =+SUMPRODUCT(risorseNettePacDettaglio2021*(struttureInterventiPacDettaglio=$B42)*(tipologiaInterventoPacDettaglio=B$37)) -> 0
B86: =+B75 -> 0 | G86: =+SUMPRODUCT(utentiPacDettaglio*(struttureInterventiPacDettaglio=$B43)*(tipologiaInterventoPacDettaglio=B$37)) -> 0 | I86: =+SUMPRODUCT(oreServizioPacDettaglio*(struttureInterventiPacDettaglio=$B43)*(tipologiaInterventoPacDettaglio=B$37)) -> 0 | K86: =+SUMPRODUCT(mensilitàPacDettaglio*(struttureInterventiPacDettaglio=$B43)*(tipologiaInterventoPacDettaglio=B$37)) -> 0 | N86: =+SUMPRODUCT(mensilitàPacDettaglio2021*(struttureInterventiPacDettaglio=$B43)*(tipologiaInterventoPacDettaglio=B$37)) -> 0 | Q86: =+SUMPRODUCT(risorseNettePacDettaglio2021*(struttureInterventiPacDettaglio=$B43)*(tipologiaInterventoPacDettaglio=B$37)) -> 0
B87: =+B76 -> Erchie | G87: =+SUMPRODUCT(utentiPacDettaglio*(struttureInterventiPacDettaglio=$B44)*(tipologiaInterventoPacDettaglio=B$37)) -> 0 | I87: =+SUMPRODUCT(oreServizioPacDettaglio*(struttureInterventiPacDettaglio=$B44)*(tipologiaInterventoPacDettaglio=B$37)) -> 0 | K87: =+SUMPRODUCT(mensilitàPacDettaglio*(struttureInterventiPacDettaglio=$B44)*(tipologiaInterventoPacDettaglio=B$37)) -> 0 | N87: =+SUMPRODUCT(mensilitàPacDettaglio2021*(struttureInterventiPacDettaglio=$B44)*(tipologiaInterventoPacDettaglio=B$37)) -> 0 | Q87: =+SUMPRODUCT(risorseNettePacDettaglio2021*(struttureInterventiPacDettaglio=$B44)*(tipologiaInterventoPacDettaglio=B$37)) -> 0
B88: =+B77 -> San Pietro Vernotico | G88: =+SUMPRODUCT(utentiPacDettaglio*(struttureInterventiPacDettaglio=$B45)*(tipologiaInterventoPacDettaglio=B$37)) -> 0 | I88: =+SUMPRODUCT(oreServizioPacDettaglio*(struttureInterventiPacDettaglio=$B45)*(tipologiaInterventoPacDettaglio=B$37)) -> 0 | K88: =+SUMPRODUCT(mensilitàPacDettaglio*(struttureInterventiPacDettaglio=$B45)*(tipologiaInterventoPacDettaglio=B$37)) -> 0 | N88: =+SUMPRODUCT(mensilitàPacDettaglio2021*(struttureInterventiPacDettaglio=$B45)*(tipologiaInterventoPacDettaglio=B$37)) -> 0 | Q88: =+SUMPRODUCT(risorseNettePacDettaglio2021*(struttureInterventiPacDettaglio=$B45)*(tipologiaInterventoPacDettaglio=B$37)) -> 0
B89: =+B78 -> 0 | G89: =+SUMPRODUCT(utentiPacDettaglio*(struttureInterventiPacDettaglio=$B46)*(tipologiaInterventoPacDettaglio=B$37)) -> 0 | I89: =+SUMPRODUCT(oreServizioPacDettaglio*(struttureInterventiPacDettaglio=$B46)*(tipologiaInterventoPacDettaglio=B$37)) -> 0 | K89: =+SUMPRODUCT(mensilitàPacDettaglio*(struttureInterventiPacDettaglio=$B46)*(tipologiaInterventoPacDettaglio=B$37)) -> 0 | N89: =+SUMPRODUCT(mensilitàPacDettaglio2021*(struttureInterventiPacDettaglio=$B46)*(tipologiaInterventoPacDettaglio=B$37)) -> 0 | Q89: =+SUMPRODUCT(risorseNettePacDettaglio2021*(struttureInterventiPacDettaglio=$B46)*(tipologiaInterventoPacDettaglio=B$37)) -> 0
B90: =+B79 -> 0 | G90: =+SUMPRODUCT(utentiPacDettaglio*(struttureInterventiPacDettaglio=$B47)*(tipologiaInterventoPacDettaglio=B$37)) -> 0 | I90: =+SUMPRODUCT(oreServizioPacDettaglio*(struttureInterventiPacDettaglio=$B47)*(tipologiaInterventoPacDettaglio=B$37)) -> 0 | K90: =+SUMPRODUCT(mensilitàPacDettaglio*(struttureInterventiPacDettaglio=$B47)*(tipologiaInterventoPacDettaglio=B$37)) -> 0 | N90: =+SUMPRODUCT(mensilitàPacDettaglio2021*(struttureInterventiPacDettaglio=$B47)*(tipologiaInterventoPacDettaglio=B$37)) -> 0 | Q90: =+SUMPRODUCT(risorseNettePacDettaglio2021*(struttureInterventiPacDettaglio=$B47)*(tipologiaInterventoPacDettaglio=B$37)) -> 0
B91: =+B80 -> 0 | G91: =+SUMPRODUCT(utentiPacDettaglio*(struttureInterventiPacDettaglio=$B48)*(tipologiaInterventoPacDettaglio=B$37)) -> 0 | I91: =+SUMPRODUCT(oreServizioPacDettaglio*(struttureInterventiPacDettaglio=$B48)*(tipologiaInterventoPacDettaglio=B$37)) -> 0 | K91: =+SUMPRODUCT(mensilitàPacDettaglio*(struttureInterventiPacDettaglio=$B48)*(tipologiaInterventoPacDettaglio=B$37)) -> 0 | N91: =+SUMPRODUCT(mensilitàPacDettaglio2021*(struttureInterventiPacDettaglio=$B48)*(tipologiaInterventoPacDettaglio=B$37)) -> 0 | Q91: =+SUMPRODUCT(risorseNettePacDettaglio2021*(struttureInterventiPacDettaglio=$B48)*(tipologiaInterventoPacDettaglio=B$37)) -> 0
B92: Totale | G92: =+SUM(G85:H91) -> 0 | I92: =+SUM(I85:J91) -> 0 | K92: =+SUM(K85:L91) -> 0 | N92: =+SUM(N85:O91) -> 0 | Q92: =+SUM(Q85:R91) -> 0
A95: C. Piano delle spese
A96: a. Tipologie di spesa | H96: Quantità | L96: Costo
B97: =+IF(ISERROR(INDEX(INPUT!$B$134:$B$143,MATCH(2,INPUT!$AG$134:$AG$143,0))),"",BB97) -> Coordinatore - CCNL Cooperative - D3/E1 (costo orario 21,59 €/ora) | H97: =+IF(ISERROR(INDEX(INPUT!$G$134:$G$143,MATCH(2,INPUT!$AG$134:$AG$143,0))),"",INDEX(INPUT!$G$134:$G$143,MATCH(2,INPUT!$AG$134:$AG$143,0))) -> 369.51824 | L97: =+IF(ISERROR(INDEX(INPUT!$H$134:$H$143,MATCH(2,INPUT!$AG$134:$AG$143,0))),"",INDEX(INPUT!$H$134:$H$143,MATCH(2,INPUT!$AG$134:$AG$143,0))) -> 7977.8988 | AX97: =+B97 -> Coordinatore - CCNL Cooperative - D3/E1 (costo orario 21,59 €/ora) | AZ97: 2 | BA97: =+INDEX(INPUT!$AH$134:$AH$143,MATCH('SCHEDA DI INTERVENTO'!AZ97,INPUT!$AG$134:$AG$143,0)) -> 0 | BB97: =+INDEX(INPUT!$AI$134:$AI$143,MATCH('SCHEDA DI INTERVENTO'!AZ97,INPUT!$AG$134:$AG$143,0)) -> Coordinatore - CCNL Cooperative - D3/E1 (costo orario 21,59 €/ora)
B98: =+IF(ISERROR(INDEX(INPUT!$B$134:$B$143,MATCH(3,INPUT!$AG$134:$AG$143,0))),"",BB98) -> Educatore Professionale - CCNL Cooperative - D2 (costo orario 20,22 €/ora) | H98: =+IF(ISERROR(INDEX(INPUT!$G$134:$G$143,MATCH(3,INPUT!$AG$134:$AG$143,0))),"",INDEX(INPUT!$G$134:$G$143,MATCH(3,INPUT!$AG$134:$AG$143,0))) -> 2309.489 | L98: =+IF(ISERROR(INDEX(INPUT!$H$134:$H$143,MATCH(3,INPUT!$AG$134:$AG$143,0))),"",INDEX(INPUT!$H$134:$H$143,MATCH(3,INPUT!$AG$134:$AG$143,0))) -> 46697.868 | AX98: =+B98 -> Educatore Professionale - CCNL Cooperative - D2 (costo orario 20,22 €/ora) | AZ98: 3 | BA98: =+INDEX(INPUT!$AH$134:$AH$143,MATCH('SCHEDA DI INTERVENTO'!AZ98,INPUT!$AG$134:$AG$143,0)) -> 0 | BB98: =+INDEX(INPUT!$AI$134:$AI$143,MATCH('SCHEDA DI INTERVENTO'!AZ98,INPUT!$AG$134:$AG$143,0)) -> Educatore Professionale - CCNL Cooperative - D2 (costo orario 20,22 €/ora)
B99: =+IF(ISERROR(INDEX(INPUT!$B$134:$B$143,MATCH(4,INPUT!$AG$134:$AG$143,0))),"",BB99) -> Ausiliario - CCNL Cooperative - B1 (costo orario 16,73 €/ora) | H99: =+IF(ISERROR(INDEX(INPUT!$G$134:$G$143,MATCH(4,INPUT!$AG$134:$AG$143,0))),"",INDEX(INPUT!$G$134:$G$143,MATCH(4,INPUT!$AG$134:$AG$143,0))) -> 2309.489 | L99: =+IF(ISERROR(INDEX(INPUT!$H$134:$H$143,MATCH(4,INPUT!$AG$134:$AG$143,0))),"",INDEX(INPUT!$H$134:$H$143,MATCH(4,INPUT!$AG$134:$AG$143,0))) -> 38637.751 | AX99: =+B99 -> Ausiliario - CCNL Cooperative - B1 (costo orario 16,73 €/ora) | AZ99: 4 | BA99: =+INDEX(INPUT!$AH$134:$AH$143,MATCH('SCHEDA DI INTERVENTO'!AZ99,INPUT!$AG$134:$AG$143,0)) -> 0 | BB99: =+INDEX(INPUT!$AI$134:$AI$143,MATCH('SCHEDA DI INTERVENTO'!AZ99,INPUT!$AG$134:$AG$143,0)) -> Ausiliario - CCNL Cooperative - B1 (costo orario 16,73 €/ora)
B100: =+IF(ISERROR(INDEX(INPUT!$B$134:$B$143,MATCH(5,INPUT!$AG$134:$AG$143,0))),"",BB100) -> Pasti | H100: =+IF(ISERROR(INDEX(INPUT!$G$134:$G$143,MATCH(5,INPUT!$AG$134:$AG$143,0))),"",INDEX(INPUT!$G$134:$G$143,MATCH(5,INPUT!$AG$134:$AG$143,0))) -> 3380 | L100: =+IF(ISERROR(INDEX(INPUT!$H$134:$H$143,MATCH(5,INPUT!$AG$134:$AG$143,0))),"",INDEX(INPUT!$H$134:$H$143,MATCH(5,INPUT!$AG$134:$AG$143,0))) -> 13520 | AX100: =+B100 -> Pasti | AZ100: 5 | BA100: =+INDEX(INPUT!$AH$134:$AH$143,MATCH('SCHEDA DI INTERVENTO'!AZ100,INPUT!$AG$134:$AG$143,0)) -> quantità | BB100: =+INDEX(INPUT!$AI$134:$AI$143,MATCH('SCHEDA DI INTERVENTO'!AZ100,INPUT!$AG$134:$AG$143,0)) -> Pasti
B101: =+IF(ISERROR(INDEX(INPUT!$B$134:$B$143,MATCH(6,INPUT!$AG$134:$AG$143,0))),"",BB101) -> Spese generali | H101: =+IF(ISERROR(INDEX(INPUT!$G$134:$G$143,MATCH(6,INPUT!$AG$134:$AG$143,0))),"",INDEX(INPUT!$G$134:$G$143,MATCH(6,INPUT!$AG$134:$AG$143,0))) -> 0.08 | L101: =+IF(ISERROR(INDEX(INPUT!$H$134:$H$143,MATCH(6,INPUT!$AG$134:$AG$143,0))),"",INDEX(INPUT!$H$134:$H$143,MATCH(6,INPUT!$AG$134:$AG$143,0))) -> 7465.0814 | AX101: =+B101 -> Spese generali | AZ101: 6 | BA101: =+INDEX(INPUT!$AH$134:$AH$143,MATCH('SCHEDA DI INTERVENTO'!AZ101,INPUT!$AG$134:$AG$143,0)) -> percentuale | BB101: =+INDEX(INPUT!$AI$134:$AI$143,MATCH('SCHEDA DI INTERVENTO'!AZ101,INPUT!$AG$134:$AG$143,0)) -> Spese generali
B102: =+IF(ISERROR(INDEX(INPUT!$B$134:$B$143,MATCH(7,INPUT!$AG$134:$AG$143,0))),"",BB102) -> IVA | H102: =+IF(ISERROR(INDEX(INPUT!$G$134:$G$143,MATCH(7,INPUT!$AG$134:$AG$143,0))),"",INDEX(INPUT!$G$134:$G$143,MATCH(7,INPUT!$AG$134:$AG$143,0))) -> 0.05 | L102: =+IF(ISERROR(INDEX(INPUT!$H$134:$H$143,MATCH(7,INPUT!$AG$134:$AG$143,0))),"",INDEX(INPUT!$H$134:$H$143,MATCH(7,INPUT!$AG$134:$AG$143,0))) -> 5714.9299 | AX102: =+B102 -> IVA | AZ102: 7 | BA102: =+INDEX(INPUT!$AH$134:$AH$143,MATCH('SCHEDA DI INTERVENTO'!AZ102,INPUT!$AG$134:$AG$143,0)) -> percentuale | BB102: =+INDEX(INPUT!$AI$134:$AI$143,MATCH('SCHEDA DI INTERVENTO'!AZ102,INPUT!$AG$134:$AG$143,0)) -> IVA
B103: =+IF(ISERROR(INDEX(INPUT!$B$134:$B$143,MATCH(8,INPUT!$AG$134:$AG$143,0))),"",BB103) | H103: =+IF(ISERROR(INDEX(INPUT!$G$134:$G$143,MATCH(8,INPUT!$AG$134:$AG$143,0))),"",INDEX(INPUT!$G$134:$G$143,MATCH(8,INPUT!$AG$134:$AG$143,0))) | L103: =+IF(ISERROR(INDEX(INPUT!$H$134:$H$143,MATCH(8,INPUT!$AG$134:$AG$143,0))),"",INDEX(INPUT!$H$134:$H$143,MATCH(8,INPUT!$AG$134:$AG$143,0))) | AX103: =+B103 | AZ103: 8 | BA103: =+INDEX(INPUT!$AH$134:$AH$143,MATCH('SCHEDA DI INTERVENTO'!AZ103,INPUT!$AG$134:$AG$143,0)) -> #N/A | BB103: =+INDEX(INPUT!$AI$134:$AI$143,MATCH('SCHEDA DI INTERVENTO'!AZ103,INPUT!$AG$134:$AG$143,0)) -> #N/A
B104: =+IF(ISERROR(INDEX(INPUT!$B$134:$B$143,MATCH(9,INPUT!$AG$134:$AG$143,0))),"",BB104) | H104: =+IF(ISERROR(INDEX(INPUT!$G$134:$G$143,MATCH(9,INPUT!$AG$134:$AG$143,0))),"",INDEX(INPUT!$G$134:$G$143,MATCH(9,INPUT!$AG$134:$AG$143,0))) | L104: =+IF(ISERROR(INDEX(INPUT!$H$134:$H$143,MATCH(9,INPUT!$AG$134:$AG$143,0))),"",INDEX(INPUT!$H$134:$H$143,MATCH(9,INPUT!$AG$134:$AG$143,0))) | AX104: =+B104 | AZ104: 9 | BA104: =+INDEX(INPUT!$AH$134:$AH$143,MATCH('SCHEDA DI INTERVENTO'!AZ104,INPUT!$AG$134:$AG$143,0)) -> #N/A | BB104: =+INDEX(INPUT!$AI$134:$AI$143,MATCH('SCHEDA DI INTERVENTO'!AZ104,INPUT!$AG$134:$AG$143,0)) -> #N/A
B105: =+IF(ISERROR(INDEX(INPUT!$B$134:$B$143,MATCH(10,INPUT!$AG$134:$AG$143,0))),"",BB105) | H105: =+IF(ISERROR(INDEX(INPUT!$G$134:$G$143,MATCH(10,INPUT!$AG$134:$AG$143,0))),"",INDEX(INPUT!$G$134:$G$143,MATCH(10,INPUT!$AG$134:$AG$143,0))) | L105: =+IF(ISERROR(INDEX(INPUT!$H$134:$H$143,MATCH(10,INPUT!$AG$134:$AG$143,0))),"",INDEX(INPUT!$H$134:$H$143,MATCH(10,INPUT!$AG$134:$AG$143,0))) | AZ105: 10 | BA105: =+INDEX(INPUT!$AH$134:$AH$143,MATCH('SCHEDA DI INTERVENTO'!AZ105,INPUT!$AG$134:$AG$143,0)) -> #N/A | BB105: =+INDEX(INPUT!$AI$134:$AI$143,MATCH('SCHEDA DI INTERVENTO'!AZ105,INPUT!$AG$134:$AG$143,0)) -> #N/A
B106: =+IF(ISERROR(INDEX(INPUT!$B$134:$B$143,MATCH(11,INPUT!$AG$134:$AG$143,0))),"",BB106) | H106: =+IF(ISERROR(INDEX(INPUT!$G$134:$G$143,MATCH(11,INPUT!$AG$134:$AG$143,0))),"",INDEX(INPUT!$G$134:$G$143,MATCH(11,INPUT!$AG$134:$AG$143,0))) | L106: =+IF(ISERROR(INDEX(INPUT!$H$134:$H$143,MATCH(11,INPUT!$AG$134:$AG$143,0))),"",INDEX(INPUT!$H$134:$H$143,MATCH(11,INPUT!$AG$134:$AG$143,0))) | AZ106: 11 | BA106: =+INDEX(INPUT!$AH$134:$AH$143,MATCH('SCHEDA DI INTERVENTO'!AZ106,INPUT!$AG$134:$AG$143,0)) -> #N/A | BB106: =+INDEX(INPUT!$AI$134:$AI$143,MATCH('SCHEDA DI INTERVENTO'!AZ106,INPUT!$AG$134:$AG$143,0)) -> #N/A
B107: Totale al lordo compartecipazione | L107: =+SUM(L97:O106) -> 120013.53
B108: =+INPUT!B146 -> Eventuale Compartecipazione degli Utenti | L108: =+INPUT!H146 -> 0
B109: Eventuale quota del prezzo della concessione a carico dell'Ente | L109: =+INPUT!H145 -> 0
B110: Totale al netto compartecipazione | L110: =+L107+L108+L109 -> 120013.53
A112: D. Iter procedurale e tempistica
...

Sheet esprortazione
D1: Risorse | E1: 2022-2023 - Utenti | I1: 2022-2023 - Risorse | M1: Risorse
A2: Tipo Scheda | B2: Titolo scheda | C2: Tipologia Servizio | D2: 2022 | E2: 2020/21-UtentiMantenuti | F2: 2020/21-UtentiAggiuntivi | G2: 2020/21-UtentiEstensioneOraria | H2: 2020/21-UtentiEstensionePerioro | I2: 2020/21-RisorseMantenuti | J2: 2020/21-RisorseAggiuntivi | K2: 2020/21-RisorseEstensioneOraria | L2: 2020/21-RisorseEstensionePerioro | M2: 2023
A3: 1 | B3: =+'SCHEDA DI INTERVENTO'!E6 -> sostegno alla gestione sezione primavera | C3: =+'SCHEDA DI INTERVENTO'!A3 -> Nido / Micro-nido | E3: {=+SUMPRODUCT('SCHEDA DI INTERVENTO'!$G$52:$H$58,IF('SCHEDA DI INTERVENTO'!$N$52:$O$58>0,1,0))} -> 0 | F3: {=+SUMPRODUCT('SCHEDA DI INTERVENTO'!$G$63:$H$69,IF('SCHEDA DI INTERVENTO'!$N$63:$O$69>0,1,0))} -> 20 | G3: {=+SUMPRODUCT('SCHEDA DI INTERVENTO'!$G$85:$H$91,IF('SCHEDA DI INTERVENTO'!$N$85:$O$91>0,1,0))} -> 0 | H3: {=+SUMPRODUCT('SCHEDA DI INTERVENTO'!$G$74:$H$80,IF('SCHEDA DI INTERVENTO'!$N$74:$O$80>0,1,0))} -> 0 | I3: =+'SCHEDA DI INTERVENTO'!$Q$59 -> 0 | J3: =+'SCHEDA DI INTERVENTO'!$Q$70 -> 120013.53 | K3: =+'SCHEDA DI INTERVENTO'!$Q$92 -> 0 | L3: =+'SCHEDA DI INTERVENTO'!$Q$81 -> 0

Sheet CCNL-appoggio
A1: profilo Cooperative | B1: costo | F1: Profilo Enti Locali | G1: costo ordinario | H1: costo - straordinario | K1: da considerare | N1: CCNL di riferimento | O1: EELL | S1: Coperative
A2: A1 | B2: =+SUMPRODUCT(($S$2:$V$2=$N$2)*$S6:$V6) -> 15.72 | D2: A1 | F2: D6 | G2: =+O6 -> 25.06 | H2: =+P6 -> 26.76 | K2: =+IF(INPUT!$C$26=INPUT!$C$198,'CCNL-appoggio'!A2,IF(INPUT!$C$26=INPUT!$C$199,'CCNL-appoggio'!F2,'CCNL-appoggio'!F2)) -> A1 | L2: =+IF(INPUT!$C$26=INPUT!$C$198,'CCNL-appoggio'!B2,IF(INPUT!$C$26=INPUT!$C$199,'CCNL-appoggio'!G2,'CCNL-appoggio'!H2)) -> 15.72 | N2: =+INPUT!C27 -> da settembre 2020 | O2: alla data di programmazione iniziale | S2: alla data di programmazione iniziale | T2: da novembre 2019 | U2: da aprile 2020 | V2: da settembre 2020
A3: A2 | B3: =+SUMPRODUCT(($S$2:$V$2=$N$2)*$S7:$V7) -> 15.92 | D3: A2 | F3: D5 | G3: =+O7 -> 23.44 | H3: =+P7 -> 25.03 | K3: =+IF(INPUT!$C$26=INPUT!$C$198,'CCNL-appoggio'!A3,IF(INPUT!$C$26=INPUT!$C$199,'CCNL-appoggio'!F3,'CCNL-appoggio'!F3)) -> A2 | L3: =+IF(INPUT!$C$26=INPUT!$C$198,'CCNL-appoggio'!B3,IF(INPUT!$C$26=INPUT!$C$199,'CCNL-appoggio'!G3,'CCNL-appoggio'!H3)) -> 15.92 | O3: da aprile 2018
A4: B1 | B4: =+SUMPRODUCT(($S$2:$V$2=$N$2)*$S8:$V8) -> 16.73 | D4: B1 | F4: D4 | G4: =+O8 -> 22.44 | H4: =+P8 -> 23.96 | K4: =+IF(INPUT!$C$26=INPUT!$C$198,'CCNL-appoggio'!A4,IF(INPUT!$C$26=INPUT!$C$199,'CCNL-appoggio'!F4,'CCNL-appoggio'!F4)) -> B1 | L4: =+IF(INPUT!$C$26=INPUT!$C$198,'CCNL-appoggio'!B4,IF(INPUT!$C$26=INPUT!$C$199,'CCNL-appoggio'!G4,'CCNL-appoggio'!H4)) -> 16.73
A5: B1 con i.f. | B5: =+SUMPRODUCT(($S$2:$V$2=$N$2)*$S9:$V9) -> 0 | D5: C1 | F5: D3 | G5: =+O9 -> 21.52 | H5: =+P9 -> 22.98 | K5: =+IF(INPUT!$C$26=INPUT!$C$198,'CCNL-appoggio'!A5,IF(INPUT!$C$26=INPUT!$C$199,'CCNL-appoggio'!F5,'CCNL-appoggio'!F5)) -> B1 con i.f. | L5: =+IF(INPUT!$C$26=INPUT!$C$198,'CCNL-appoggio'!B5,IF(INPUT!$C$26=INPUT!$C$199,'CCNL-appoggio'!G5,'CCNL-appoggio'!H5)) -> 0 | O5: ordinario | P5: straordinario
A6: C1 | B6: =+SUMPRODUCT(($S$2:$V$2=$N$2)*$S10:$V10) -> 18.02 | D6: C2 | F6: D2 | G6: =+O10 -> 19.63 | H6: =+P10 -> 20.97 | K6: =+IF(INPUT!$C$26=INPUT!$C$198,'CCNL-appoggio'!A6,IF(INPUT!$C$26=INPUT!$C$199,'CCNL-appoggio'!F6,'CCNL-appoggio'!F6)) -> C1 | L6: =+IF(INPUT!$C$26=INPUT!$C$198,'CCNL-appoggio'!B6,IF(INPUT!$C$26=INPUT!$C$199,'CCNL-appoggio'!G6,'CCNL-appoggio'!H6)) -> 18.02 | N6: D6 | O6: {=+IF($N$2=$O$2,('CCNL EELL'!$J$6:$J$28), ('CCNL EELL 2018'!$J$6:$J$28))} -> 25.06 | P6: {=+IF($N$2=$O$2,('CCNL EELL'!$K$6:$K$28), ('CCNL EELL 2018'!$K$6:$K$28))} -> 26.76 | R6: A1 | S6: {=+TRANSPOSE(ROUND('CCNL cooperative'!B39:R39,2))} -> 14.7 | T6: {=+TRANSPOSE(ROUND('CCNL cooperative (11-19)'!B40:R40,2))} -> 15.26 | U6: {=+TRANSPOSE(ROUND('CCNL cooperative (4-20)'!B40:R40,2))} -> 15.5 | V6: {=+TRANSPOSE(ROUND('CCNL cooperative (9-20)'!B40:R40,2))} -> 15.72
A7: C2 | B7: =+SUMPRODUCT(($S$2:$V$2=$N$2)*$S11:$V11) -> 18.57 | D7: C3/D1 | F7: D1 | G7: =+O11 -> 18.72 | H7: =+P11 -> 19.99 | K7: =+IF(INPUT!$C$26=INPUT!$C$198,'CCNL-appoggio'!A7,IF(INPUT!$C$26=INPUT!$C$199,'CCNL-appoggio'!F7,'CCNL-appoggio'!F7)) -> C2 | L7: =+IF(INPUT!$C$26=INPUT!$C$198,'CCNL-appoggio'!B7,IF(INPUT!$C$26=INPUT!$C$199,'CCNL-appoggio'!G7,'CCNL-appoggio'!H7)) -> 18.57 | N7: D5 | O7: 23.44 | P7: 25.03 | R7: A2 | S7: 14.9 | T7: 15.46 | U7: 15.71 | V7: 15.92
A8: C3/D1 | B8: =+SUMPRODUCT(($S$2:$V$2=$N$2)*$S12:$V12) -> 19.13 | D8: D2 | F8: C5 | G8: =+O12 -> 19.37 | H8: =+P12 -> 20.68 | K8: =+IF(INPUT!$C$26=INPUT!$C$198,'CCNL-appoggio'!A8,IF(INPUT!$C$26=INPUT!$C$199,'CCNL-appoggio'!F8,'CCNL-appoggio'!F8)) -> C3/D1 | L8: =+IF(INPUT!$C$26=INPUT!$C$198,'CCNL-appoggio'!B8,IF(INPUT!$C$26=INPUT!$C$199,'CCNL-appoggio'!G8,'CCNL-appoggio'!H8)) -> 19.13 | N8: D4 | O8: 22.44 | P8: 23.96 | R8: B1 | S8: 15.67 | T8: 16.25 | U8: 16.51 | V8: 16.73
A9: C3/D1 con i.p. | B9: =+SUMPRODUCT(($S$2:$V$2=$N$2)*$S13:$V13) -> 19.86 | D9: D3/E1 | F9: C4 | G9: =+O13 -> 18.68 | H9: =+P13 -> 19.94 | K9: =+IF(INPUT!$C$26=INPUT!$C$198,'CCNL-appoggio'!A9,IF(INPUT!$C$26=INPUT!$C$199,'CCNL-appoggio'!F9,'CCNL-appoggio'!F9)) -> C3/D1 con i.p. | L9: =+IF(INPUT!$C$26=INPUT!$C$198,'CCNL-appoggio'!B9,IF(INPUT!$C$26=INPUT!$C$199,'CCNL-appoggio'!G9,'CCNL-appoggio'!H9)) -> 19.86 | N9: D3 | O9: 21.52 | P9: 22.98 | R9: B1 con i.f. | S9: 16.21 | T9: 0 | U9: 0 | V9: 0
A10: D2 | B10: =+SUMPRODUCT(($S$2:$V$2=$N$2)*$S14:$V14) -> 20.22 | D10: E2 | F10: C3 | G10: =+O14 -> 18.1 | H10: =+P14 -> 19.33 | K10: =+IF(INPUT!$C$26=INPUT!$C$198,'CCNL-appoggio'!A10,IF(INPUT!$C$26=INPUT!$C$199,'CCNL-appoggio'!F10,'CCNL-appoggio'!F10)) -> D2 | L10: =+IF(INPUT!$C$26=INPUT!$C$198,'CCNL-appoggio'!B10,IF(INPUT!$C$26=INPUT!$C$199,'CCNL-appoggio'!G10,'CCNL-appoggio'!H10)) -> 20.22 | N10: D2 | O10: 19.63 | P10: 20.97 | R10: C1 | S10: 16.89 | T10: 17.5 | U10: 17.78 | V10: 18.02
A11: D2 con i.p. | B11: =+SUMPRODUCT(($S$2:$V$2=$N$2)*$S15:$V15) -> 22.04 | D11: F1 | F11: C2 | G11: =+O15 -> 17.61 | H11: =+P15 -> 18.81 | K11: =+IF(INPUT!$C$26=INPUT!$C$198,'CCNL-appoggio'!A11,IF(INPUT!$C$26=INPUT!$C$199,'CCNL-appoggio'!F11,'CCNL-appoggio'!F11)) -> D2 con i.p. | L11: =+IF(INPUT!$C$26=INPUT!$C$198,'CCNL-appoggio'!B11,IF(INPUT!$C$26=INPUT!$C$199,'CCNL-appoggio'!G11,'CCNL-appoggio'!H11)) -> 22.04 | N11: D1 | O11: 18.72 | P11: 19.99 | R11: C2 | S11: 17.41 | T11: 18.03 | U11: 18.32 | V11: 18.57
A12: D3/E1 | B12: =+SUMPRODUCT(($S$2:$V$2=$N$2)*$S16:$V16) -> 21.59 | D12: F2 | F12: C1 | G12: =+O16 -> 17.2 | H12: =+P16 -> 18.37 | K12: =+IF(INPUT!$C$26=INPUT!$C$198,'CCNL-appoggio'!A12,IF(INPUT!$C$26=INPUT!$C$199,'CCNL-appoggio'!F12,'CCNL-appoggio'!F12)) -> D3/E1 | L12: =+IF(INPUT!$C$26=INPUT!$C$198,'CCNL-appoggio'!B12,IF(INPUT!$C$26=INPUT!$C$199,'CCNL-appoggio'!G12,'CCNL-appoggio'!H12)) -> 21.59 | N12: C5 | O12: 19.37 | P12: 20.68 | R12: C3/D1 | S12: 17.94 | T12: 18.58 | U12: 18.87 | V12: 19.13
A13: E2 | B13: =+SUMPRODUCT(($S$2:$V$2=$N$2)*$S17:$V17) -> 24.29 | F13: B7 | G13: =+O17 -> 17.58 | H13: =+P17 -> 18.77 | K13: =+IF(INPUT!$C$26=INPUT!$C$198,'CCNL-appoggio'!A13,IF(INPUT!$C$26=INPUT!$C$199,'CCNL-appoggio'!F13,'CCNL-appoggio'!F13)) -> E2 | L13: =+IF(INPUT!$C$26=INPUT!$C$198,'CCNL-appoggio'!B13,IF(INPUT!$C$26=INPUT!$C$199,'CCNL-appoggio'!G13,'CCNL-appoggio'!H13)) -> 24.29 | N13: C4 | O13: 18.68 | P13: 19.94 | R13: C3/D1 con i.p. | S13: 18.66 | T13: 19.31 | U13: 19.6 | V13: 19.86
A14: E2 con i.p. | B14: =+SUMPRODUCT(($S$2:$V$2=$N$2)*$S18:$V18) -> 26.42 | F14: B6 | G14: =+O18 -> 16.93 | H14: =+P18 -> 18.08 | K14: =+IF(INPUT!$C$26=INPUT!$C$198,'CCNL-appoggio'!A14,IF(INPUT!$C$26=INPUT!$C$199,'CCNL-appoggio'!F14,'CCNL-appoggio'!F14)) -> E2 con i.p. | L14: =+IF(INPUT!$C$26=INPUT!$C$198,'CCNL-appoggio'!B14,IF(INPUT!$C$26=INPUT!$C$199,'CCNL-appoggio'!G14,'CCNL-appoggio'!H14)) -> 26.42 | N14: C3 | O14: 18.1 | P14: 19.33 | R14: D2 | S14: 18.97 | T14: 19.64 | U14: 19.95 | V14: 20.22
A15: F1 | B15: =+SUMPRODUCT(($S$2:$V$2=$N$2)*$S19:$V19) -> 27.79 | F15: B5 | G15: =+O19 -> 16.63 | H15: =+P19 -> 17.76 | K15: =+IF(INPUT!$C$26=INPUT!$C$198,'CCNL-appoggio'!A15,IF(INPUT!$C$26=INPUT!$C$199,'CCNL-appoggio'!F15,'CCNL-appoggio'!F15)) -> F1 | L15: =+IF(INPUT!$C$26=INPUT!$C$198,'CCNL-appoggio'!B15,IF(INPUT!$C$26=INPUT!$C$199,'CCNL-appoggio'!G15,'CCNL-appoggio'!H15)) -> 27.79 | N15: C2 | O15: 17.61 | P15: 18.81 | R15: D2 con i.p. | S15: 20.79 | T15: 21.46 | U15: 21.77 | V15: 22.04
A16: F1 con i.p. | B16: =+SUMPRODUCT(($S$2:$V$2=$N$2)*$S20:$V20) -> 29.01 | F16: B4 | G16: =+O20 -> 16.36 | H16: =+P20 -> 17.47 | K16: =+IF(INPUT!$C$26=INPUT!$C$198,'CCNL-appoggio'!A16,IF(INPUT!$C$26=INPUT!$C$199,'CCNL-appoggio'!F16,'CCNL-appoggio'!F16)) -> F1 con i.p. | L16: =+IF(INPUT!$C$26=INPUT!$C$198,'CCNL-appoggio'!B16,IF(INPUT!$C$26=INPUT!$C$199,'CCNL-appoggio'!G16,'CCNL-appoggio'!H16)) -> 29.01 | N16: C1 | O16: 17.2 | P16: 18.37 | R16: D3/E1 | S16: 20.27 | T16: 20.97 | U16: 21.3 | V16: 21.59
A17: F2 | B17: =+SUMPRODUCT(($S$2:$V$2=$N$2)*$S21:$V21) -> 32.42 | F17: B3 | G17: =+O21 -> 16.12 | H17: =+P21 -> 17.21 | K17: =+IF(INPUT!$C$26=INPUT!$C$198,'CCNL-appoggio'!A17,IF(INPUT!$C$26=INPUT!$C$199,'CCNL-appoggio'!F17,'CCNL-appoggio'!F17)) -> F2 | L17: =+IF(INPUT!$C$26=INPUT!$C$198,'CCNL-appoggio'!B17,IF(INPUT!$C$26=INPUT!$C$199,'CCNL-appoggio'!G17,'CCNL-appoggio'!H17)) -> 32.42 | N17: B7 | O17: 17.58 | P17: 18.77 | R17: E2 | S17: 22.87 | T17: 23.62 | U17: 23.98 | V17: 24.29
A18: F2 con i.d. | B18: =+SUMPRODUCT(($S$2:$V$2=$N$2)*$S22:$V22) -> 32.42 | F18: B2 | G18: =+O22 -> 15.5 | H18: =+P22 -> 16.55 | K18: =+IF(INPUT!$C$26=INPUT!$C$198,'CCNL-appoggio'!A18,IF(INPUT!$C$26=INPUT!$C$199,'CCNL-appoggio'!F18,'CCNL-appoggio'!F18)) -> F2 con i.d. | L18: =+IF(INPUT!$C$26=INPUT!$C$198,'CCNL-appoggio'!B18,IF(INPUT!$C$26=INPUT!$C$199,'CCNL-appoggio'!G18,'CCNL-appoggio'!H18)) -> 32.42 | N18: B6 | O18: 16.93 | P18: 18.08 | R18: E2 con i.p. | S18: 24.99 | T18: 25.75 | U18: 26.11 | V18: 26.42
F19: B1 | G19: =+O23 -> 15.25 | H19: =+P23 -> 16.28 | K19: =+IF(INPUT!$C$26=INPUT!$C$198,'CCNL-appoggio'!A19,IF(INPUT!$C$26=INPUT!$C$199,'CCNL-appoggio'!F19,'CCNL-appoggio'!F19)) -> 0 | L19: =+IF(INPUT!$C$26=INPUT!$C$198,'CCNL-appoggio'!B19,IF(INPUT!$C$26=INPUT!$C$199,'CCNL-appoggio'!G19,'CCNL-appoggio'!H19)) -> 0 | N19: B5 | O19: 16.63 | P19: 17.76 | R19: F1 | S19: 26.23 | T19: 27.05 | U19: 27.45 | V19: 27.79
F20: A5 | G20: =+O24 -> 15.51 | H20: =+P24 -> 16.56 | K20: =+IF(INPUT!$C$26=INPUT!$C$198,'CCNL-appoggio'!A20,IF(INPUT!$C$26=INPUT!$C$199,'CCNL-appoggio'!F20,'CCNL-appoggio'!F20)) -> 0 | L20: =+IF(INPUT!$C$26=INPUT!$C$198,'CCNL-appoggio'!B20,IF(INPUT!$C$26=INPUT!$C$199,'CCNL-appoggio'!G20,'CCNL-appoggio'!H20)) -> 0 | N20: B4 | O20: 16.36 | P20: 17.47 | R20: F1 con i.p. | S20: 27.45 | T20: 28.27 | U20: 28.66 | V20: 29.01
F21: A4 | G21: =+O25 -> 15.2 | H21: =+P25 -> 16.23 | K21: =+IF(INPUT!$C$26=INPUT!$C$198,'CCNL-appoggio'!A21,IF(INPUT!$C$26=INPUT!$C$199,'CCNL-appoggio'!F21,'CCNL-appoggio'!F21)) -> 0 | L21: =+IF(INPUT!$C$26=INPUT!$C$198,'CCNL-appoggio'!B21,IF(INPUT!$C$26=INPUT!$C$199,'CCNL-appoggio'!G21,'CCNL-appoggio'!H21)) -> 0 | N21: B3 | O21: 16.12 | P21: 17.21 | R21: F2 | S21: 30.65 | T21: 31.57 | U21: 32.02 | V21: 32.42
F22: A3 | G22: =+O26 -> 14.93 | H22: =+P26 -> 15.94 | K22: =+IF(INPUT!$C$26=INPUT!$C$198,'CCNL-appoggio'!A22,IF(INPUT!$C$26=INPUT!$C$199,'CCNL-appoggio'!F22,'CCNL-appoggio'!F22)) -> 0 | L22: =+IF(INPUT!$C$26=INPUT!$C$198,'CCNL-appoggio'!B22,IF(INPUT!$C$26=INPUT!$C$199,'CCNL-appoggio'!G22,'CCNL-appoggio'!H22)) -> 0 | N22: B2 | O22: 15.5 | P22: 16.55 | R22: F2 con i.d. | S22: 30.65 | T22: 31.57 | U22: 32.02 | V22: 32.42
F23: A2 | G23: =+O27 -> 14.62 | H23: =+P27 -> 15.61 | K23: =+IF(INPUT!$C$26=INPUT!$C$198,'CCNL-appoggio'!A23,IF(INPUT!$C$26=INPUT!$C$199,'CCNL-appoggio'!F23,'CCNL-appoggio'!F23)) -> 0 | L23: =+IF(INPUT!$C$26=INPUT!$C$198,'CCNL-appoggio'!B23,IF(INPUT!$C$26=INPUT!$C$199,'CCNL-appoggio'!G23,'CCNL-appoggio'!H23)) -> 0 | N23: B1 | O23: 15.25 | P23: 16.28
F24: A1 | G24: =+O28 -> 14.43 | H24: =+P28 -> 15.41 | K24: =+IF(INPUT!$C$26=INPUT!$C$198,'CCNL-appoggio'!A24,IF(INPUT!$C$26=INPUT!$C$199,'CCNL-appoggio'!F24,'CCNL-appoggio'!F24)) -> 0 | L24: =+IF(INPUT!$C$26=INPUT!$C$198,'CCNL-appoggio'!B24,IF(INPUT!$C$26=INPUT!$C$199,'CCNL-appoggio'!G24,'CCNL-appoggio'!H24)) -> 0 | N24: A5 | O24: 15.51 | P24: 16.56
N25: A4 | O25: 15.2 | P25: 16.23
N26: A3 | O26: 14.93 | P26: 15.94
N27: A2 | O27: 14.62 | P27: 15.61
N28: A1 | O28: 14.43 | P28: 15.41

Sheet CCNL cooperative
A1: TipologiaAliquota IRAP | B1: Specifica
A2: Regione | B2: =+INPUT!C2 -> Puglia
A3: Aliquota Irap Applicata | B3: =+IF(B1="Generale",0.039,INDEX(C47:C50,MATCH(B2,B47:B50,0))) -> 0
A5: Indennità di turno | B5: No
A6: Numero ore annuali lavorate | B6: 1548 | C6: 1548
A9: Livelli | B9: A1 | C9: A2 | D9: B1 | E9: B1 con i.f. | F9: C1 | G9: C2 | H9: C3/D1 | I9: C3/D1 con i.p. | J9: D2 | K9: D2 con i.p. | L9: D3/E1 | M9: E2 | N9: E2 con i.p. | O9: F1 | P9: F1 con i.p. | Q9: F2 | R9: F2 con i.d.
A10: Minimi contr.li conglobati mensili | B10: 1184.19 | C10: 1195.13 | D10: 1250.81 | E10: 1250.81 | F10: 1345.21 | G10: 1385.5 | H10: 1426.41 | I10: 1426.41 | J10: 1504.67 | K10: 1504.67 | L10: 1601.8 | M10: 1728.9 | N10: 1728.9 | O10: 1909.51 | P10: 1909.51 | Q10: 2180.73 | R10: 2180.73
A11: Anzianità (tre scatti) | B11: 34.86 | C11: 40.29 | D11: 48.81 | E11: 48.81 | F11: 55.77 | G11: 58.89 | H11: 61.98 | I11: 61.98 | J11: 69.72 | K11: 69.72 | L11: 80.58 | M11: 94.5 | N11: 94.5 | O11: 118.53 | P11: 118.53 | Q11: 139.44 | R11: 139.44
A12: Indennità professionali | I12: 61.97 | K12: 154.94 | N12: 258.23 | P12: 258.23 | R12: 232.41
A13: Indennità di funzione | E13: 46.48 | M13: 77.47 | O13: 154.94 | Q13: 232.41
A14: Altre indennità | B14: 30.2 | C14: 30.48 | D14: 31.9 | E14: 31.9 | F14: 34.3 | G14: 35.33 | H14: 36.37 | I14: 36.37 | J14: 38.37 | K14: 38.37 | L14: 40.85 | M14: 44.09 | N14: 44.09 | O14: 48.69 | P14: 48.69 | Q14: 55.61 | R14: 55.61
A16: Lordo Mensile | B16: =+SUM(B10:B14) -> 1249.25 | C16: =+SUM(C10:C14) -> 1265.9 | D16: =+SUM(D10:D14) -> 1331.52 | E16: =+SUM(E10:E14) -> 1378 | F16: =+SUM(F10:F14) -> 1435.28 | G16: =+SUM(G10:G14) -> 1479.72 | H16: =+SUM(H10:H14) -> 1524.76 | I16: =+SUM(I10:I14) -> 1586.73 | ... R16: =+SUM(R10:R14) -> 2608.19
A17: Totale Lordo annuo+ 13esima | B17: =+B16*13 -> 16240.25 | C17: =+C16*13 -> 16456.7 | D17: =+D16*13 -> 17309.76 | E17: =+E16*13 -> 17914 | F17: =+F16*13 -> 18658.64 | G17: =+G16*13 -> 19236.36 | H17: =+H16*13 -> 19821.88 | I17: =+I16*13 -> 20627.49 | ... R17: =+R16*13 -> 33906.47
A19: Oneri
A20: Inps (26,90%) | B20: =+B17*0.269 -> 4368.6273 | C20: =+C17*0.269 -> 4426.8523 | D20: =+D17*0.269 -> 4656.3254 | E20: =+E17*0.269 -> 4818.866 | F20: =+F17*0.269 -> 5019.1742 | G20: =+G17*0.269 -> 5174.5808 | H20: =+H17*0.269 -> 5332.0857 | I20: =+I17*0.269 -> 5548.7948 | ... R20: =+R17*0.269 -> 9120.8404
A21: Inail (3%) | B21: =+B17*0.03 -> 487.2075 | C21: =+C17*0.03 -> 493.701 | D21: =+D17*0.03 -> 519.2928 | E21: =+E17*0.03 -> 537.42 | F21: =+F17*0.03 -> 559.7592 | G21: =+G17*0.03 -> 577.0908 | H21: =+H17*0.03 -> 594.6564 | I21: =+I17*0.03 -> 618.8247 | ... R21: =+R17*0.03 -> 1017.1941
A22: Totale oneri | B22: =+B21+B20 -> 4855.8347 | C22: =+C21+C20 -> 4920.5533 | D22: =+D21+D20 -> 5175.6182 | E22: =+E21+E20 -> 5356.286 | F22: =+F21+F20 -> 5578.9334 | G22: =+G21+G20 -> 5751.6716 | H22: =+H21+H20 -> 5926.7421 | I22: =+I21+I20 -> 6167.6195 | ... R22: =+R21+R20 -> 10138.035
A24: TFR | B24: =+B16*0.962962 -> 1202.9803 | C24: =+C16*0.962962 -> 1219.0136 | D24: =+D16*0.962962 -> 1282.2032 | E24: =+E16*0.962962 -> 1326.9616 | F24: =+F16*0.962962 -> 1382.1201 | G24: =+G16*0.962962 -> 1424.9141 | H24: =+H16*0.962962 -> 1468.2859 | I24: =+I16*0.962962 -> 1527.9607 | ... R24: =+R16*0.962962 -> 2511.5879
A25: Rivalutazione T.F.R. (3,302885% ) | B25: =+B24*0.198175 -> 238.40062 | C25: =+C24*0.198175 -> 241.57802 | D25: =+D24*0.198175 -> 254.10061 | E25: =+E24*0.198175 -> 262.97062 | F25: =+F24*0.198175 -> 273.90165 | G25: =+G24*0.198175 -> 282.38236 | H25: =+H24*0.198175 -> 290.97757 | I25: =+I24*0.198175 -> 302.80361 | ... R25: =+R24*0.198175 -> 497.73392
A26: Previdenza complementare (1%) | B26: =+B17*0.01 -> 162.4025 | C26: =+C17*0.01 -> 164.567 | D26: =+D17*0.01 -> 173.0976 | E26: =+E17*0.01 -> 179.14 | F26: =+F17*0.01 -> 186.5864 | G26: =+G17*0.01 -> 192.3636 | H26: =+H17*0.01 -> 198.2188 | I26: =+I17*0.01 -> 206.2749 | ... R26: =+R17*0.01 -> 339.0647
A27: Assistenza Sanitaria Integrativa | B27: 60 | C27: 60 | D27: 60 | E27: 60 | F27: 60 | G27: 60 | H27: 60 | I27: 60 | J27: 60 | K27: 60 | L27: 60 | M27: 60 | N27: 60 | O27: 60 | P27: 60 | Q27: 60 | R27: 60
A29: Costo Annuo | B29: =+B17+B22+B24+B25+B26+B27 -> 22759.868 | C29: =+C17+C22+C24+C25+C26+C27 -> 23062.412 | D29: =+D17+D22+D24+D25+D26+D27 -> 24254.78 | E29: =+E17+E22+E24+E25+E26+E27 -> 25099.358 | F29: =+F17+F22+F24+F25+F26+F27 -> 26140.182 | G29: =+G17+G22+G24+G25+G26+G27 -> 26947.692 | H29: =+H17+H22+H24+H25+H26+H27 -> 27766.104 | I29: =+I17+I22+I24+I25+I26+I27 -> 28892.149 | ... R29: =+R17+R22+R24+R25+R26+R27 -> 47452.891
A30: Indennità di turno | B30: =+IF($B$5="Si",B55,0) -> 0 | C30: =+IF($B$5="Si",C55,0) -> 0 | D30: =+IF($B$5="Si",D55,0) -> 0 | E30: =+IF($B$5="Si",E55,0) -> 0 | F30: =+IF($B$5="Si",F55,0) -> 0 | G30: =+IF($B$5="Si",G55,0) -> 0 | H30: =+IF($B$5="Si",H55,0) -> 0 | I30: =+IF($B$5="Si",I55,0) -> 0 | ... R30: =+IF($B$5="Si",R55,0) -> 0
A32: Totale costo annuo | B32: =+B30+B29 -> 22759.868 | C32: =+C30+C29 -> 23062.412 | D32: =+D30+D29 -> 24254.78 | E32: =+E30+E29 -> 25099.358 | F32: =+F30+F29 -> 26140.182 | G32: =+G30+G29 -> 26947.692 | H32: =+H30+H29 -> 27766.104 | I32: =+I30+I29 -> 28892.149 | ... R32: =+R30+R29 -> 47452.891
A34: Costo orario | B34: =+ROUND(B32/$B$6,2) -> 14.7 | C34: =+ROUND(C32/$B$6,2) -> 14.9 | D34: =+ROUND(D32/$B$6,2) -> 15.67 | E34: =+ROUND(E32/$B$6,2) -> 16.21 | F34: =+ROUND(F32/$B$6,2) -> 16.89 | G34: =+ROUND(G32/$B$6,2) -> 17.41 | H34: =+ROUND(H32/$B$6,2) -> 17.94 | I34: =+ROUND(I32/$B$6,2) -> 18.66 | ... R34: =+ROUND(R32/$B$6,2) -> 30.65
A35: imponibile irap | B35: =+B32-B21-B26 -> 22110.258 | C35: =+C32-C21-C26 -> 22404.144 | D35: =+D32-D21-D26 -> 23562.389 | E35: =+E32-E21-E26 -> 24382.798 | F35: =+F32-F21-F26 -> 25393.836 | G35: =+G32-G21-G26 -> 26178.237 | H35: =+H32-H21-H26 -> 26973.229 | I35: =+I32-I21-I26 -> 28067.049 | ... R35: =+R32-R21-R26 -> 46096.632
A36: imponibile irap orario | B36: =+ROUND(B35/$B$6,2) -> 14.28 | C36: =+ROUND(C35/$B$6,2) -> 14.47 | D36: =+ROUND(D35/$B$6,2) -> 15.22 | E36: =+ROUND(E35/$B$6,2) -> 15.75 | F36: =+ROUND(F35/$B$6,2) -> 16.4 | G36: =+ROUND(G35/$B$6,2) -> 16.91 | H36: =+ROUND(H35/$B$6,2) -> 17.42 | I36: =+ROUND(I35/$B$6,2) -> 18.13 | ... R36: =+ROUND(R35/$B$6,2) -> 29.78
B37: =+B36*0.039 -> 0.55692 | C37: =+C36*0.039 -> 0.56433 | D37: =+D36*0.039 -> 0.59358 | E37: =+E36*0.039 -> 0.61425 | F37: =+F36*0.039 -> 0.6396 | G37: =+G36*0.039 -> 0.65949 | H37: =+H36*0.039 -> 0.67938 | I37: =+I36*0.039 -> 0.70707 | ... R37: =+R36*0.039 -> 1.16142
A38: Irap | B38: =+ROUND(B36*$B$3,2) -> 0 | C38: =+ROUND(C36*$B$3,2) -> 0 | D38: =+ROUND(D36*$B$3,2) -> 0 | E38: =+ROUND(E36*$B$3,2) -> 0 | F38: =+ROUND(F36*$B$3,2) -> 0 | G38: =+ROUND(G36*$B$3,2) -> 0 | H38: =+ROUND(H36*$B$3,2) -> 0 | I38: =+ROUND(I36*$B$3,2) -> 0 | ... R38: =+ROUND(R36*$B$3,2) -> 0
A39: Totale costo orario | B39: =+B38+B34 -> 14.7 | C39: =+C38+C34 -> 14.9 | D39: =+D38+D34 -> 15.67 | E39: =+E38+E34 -> 16.21 | F39: =+F38+F34 -> 16.89 | G39: =+G38+G34 -> 17.41 | H39: =+H38+H34 -> 17.94 | I39: =+I38+I34 -> 18.66 | ... R39: =+R38+R34 -> 30.65
B44: Specifica
B45: Specifica
B47: Calabria | C47: =4.97% -> 0.0497
B48: Campania | C48: =4.4% -> 0.044
B49: Sicilia | C49: 0
B50: Puglia | C50: 0
B52: Si
B53: No
A55: indennità di turno | B55: 2636.88 | C55: 2672.03 | D55: 2810.54 | E55: 2908.65 | F55: 3029.55 | G55: 3123.35 | H55: 3218.42 | I55: 3349.23 | J55: 3404.17 | K55: 3731.21 | L55: 3637.35 | M55: 4105.37 | N55: 4486.91 | O55: 4710.55 | P55: 4928.57 | Q55: 5505.3 | R55: 5505.3

Sheet CCNL EELL
E1: valore buoni pasto | H1: 0
E2: gg/mese buoni pasto | H2: 26
A4: CCNL Enti LOCALI | J4: COSTO ORARIO
B5: Retribuzione annua | C5: Retribuzione Mensile | D5: Rateo 13^ | E5: Rateo Ferie | F5: Mensile | G5: Oneri | H5: Buoni pasto | I5: Mensile all-in | J5: Orario | K5: Straordinario Feriale | L5: Straordinario Festivo o Notturno | M5: Straordinario festivo e notturno
A6: d6 | B6: 28342.72 | C6: =+ROUND(B6/12,2) -> 2361.89 | D6: =+ROUND(C6/12,2) -> 196.82 | E6: =+D6 -> 196.82 | F6: =+E6+D6+C6 -> 2755.53 | G6: =+ROUND(F6*35.3/100,2) -> 972.7 | H6: =+$H$2*$H$1 -> 0 | I6: =+G6+F6+H6 -> 3728.23 | J6: =+ROUND(I6/156,2) -> 23.9 | K6: =ROUND((C6*1.353)/156*1.15,2) -> 23.56 | L6: =ROUND((C6*1.353)/156*1.3,2) -> 26.63 | M6: =ROUND((C6*1.353)/156*1.5,2) -> 30.73
A7: d5 | B7: 26510.86 | C7: =+ROUND(B7/12,2) -> 2209.24 | D7: =+ROUND(C7/12,2) -> 184.1 | E7: =+D7 -> 184.1 | F7: =+E7+D7+C7 -> 2577.44 | G7: =+ROUND(F7*35.3/100,2) -> 909.84 | H7: =+$H$2*$H$1 -> 0 | I7: =+G7+F7+H7 -> 3487.28 | J7: =+ROUND(I7/156,2) -> 22.35 | K7: =ROUND((C7*1.353)/156*1.15,2) -> 22.04 | L7: =ROUND((C7*1.353)/156*1.3,2) -> 24.91 | M7: =ROUND((C7*1.353)/156*1.5,2) -> 28.74
A8: d4 | B8: 25377.76 | C8: =+ROUND(B8/12,2) -> 2114.81 | D8: =+ROUND(C8/12,2) -> 176.23 | E8: =+D8 -> 176.23 | F8: =+E8+D8+C8 -> 2467.27 | G8: =+ROUND(F8*35.3/100,2) -> 870.95 | H8: =+$H$2*$H$1 -> 0 | I8: =+G8+F8+H8 -> 3338.22 | J8: =+ROUND(I8/156,2) -> 21.4 | K8: =ROUND((C8*1.353)/156*1.15,2) -> 21.09 | L8: =ROUND((C8*1.353)/156*1.3,2) -> 23.84 | M8: =ROUND((C8*1.353)/156*1.5,2) -> 27.51
A9: d3 | B9: 24338.14 | C9: =+ROUND(B9/12,2) -> 2028.18 | D9: =+ROUND(C9/12,2) -> 169.02 | E9: =+D9 -> 169.02 | F9: =+E9+D9+C9 -> 2366.22 | G9: =+ROUND(F9*35.3/100,2) -> 835.28 | H9: =+$H$2*$H$1 -> 0 | I9: =+G9+F9+H9 -> 3201.5 | J9: =+ROUND(I9/156,2) -> 20.52 | K9: =ROUND((C9*1.353)/156*1.15,2) -> 20.23 | L9: =ROUND((C9*1.353)/156*1.3,2) -> 22.87 | M9: =ROUND((C9*1.353)/156*1.5,2) -> 26.39
A10: d2 | B10: 22203.89 | C10: =+ROUND(B10/12,2) -> 1850.32 | D10: =+ROUND(C10/12,2) -> 154.19 | E10: =+D10 -> 154.19 | F10: =+E10+D10+C10 -> 2158.7 | G10: =+ROUND(F10*35.3/100,2) -> 762.02 | H10: =+$H$2*$H$1 -> 0 | I10: =+G10+F10+H10 -> 2920.72 | J10: =+ROUND(I10/156,2) -> 18.72 | K10: =ROUND((C10*1.353)/156*1.15,2) -> 18.46 | L10: =ROUND((C10*1.353)/156*1.3,2) -> 20.86 | M10: =ROUND((C10*1.353)/156*1.5,2) -> 24.07
A11: d1 | B11: 21166.71 | C11: =+ROUND(B11/12,2) -> 1763.89 | D11: =+ROUND(C11/12,2) -> 146.99 | E11: =+D11 -> 146.99 | F11: =+E11+D11+C11 -> 2057.87 | G11: =+ROUND(F11*35.3/100,2) -> 726.43 | H11: =+$H$2*$H$1 -> 0 | I11: =+G11+F11+H11 -> 2784.3 | J11: =+ROUND(I11/156,2) -> 17.85 | K11: =ROUND((C11*1.353)/156*1.15,2) -> 17.59 | L11: =ROUND((C11*1.353)/156*1.3,2) -> 19.89 | M11: =ROUND((C11*1.353)/156*1.5,2) -> 22.95
A12: c5 | B12: 21901.32 | C12: =+ROUND(B12/12,2) -> 1825.11 | D12: =+ROUND(C12/12,2) -> 152.09 | E12: =+D12 -> 152.09 | F12: =+E12+D12+C12 -> 2129.29 | G12: =+ROUND(F12*35.3/100,2) -> 751.64 | H12: =+$H$2*$H$1 -> 0 | I12: =+G12+F12+H12 -> 2880.93 | J12: =+ROUND(I12/156,2) -> 18.47 | K12: =ROUND((C12*1.353)/156*1.15,2) -> 18.2 | L12: =ROUND((C12*1.353)/156*1.3,2) -> 20.58 | M12: =ROUND((C12*1.353)/156*1.5,2) -> 23.74
A13: c4 | B13: 21120.11 | C13: =+ROUND(B13/12,2) -> 1760.01 | D13: =+ROUND(C13/12,2) -> 146.67 | E13: =+D13 -> 146.67 | F13: =+E13+D13+C13 -> 2053.35 | G13: =+ROUND(F13*35.3/100,2) -> 724.83 | H13: =+$H$2*$H$1 -> 0 | I13: =+G13+F13+H13 -> 2778.18 | J13: =+ROUND(I13/156,2) -> 17.81 | K13: =ROUND((C13*1.353)/156*1.15,2) -> 17.55 | L13: =ROUND((C13*1.353)/156*1.3,2) -> 19.84 | M13: =ROUND((C13*1.353)/156*1.5,2) -> 22.9
A14: c3 | B14: 20472.62 | C14: =+ROUND(B14/12,2) -> 1706.05 | D14: =+ROUND(C14/12,2) -> 142.17 | E14: =+D14 -> 142.17 | F14: =+E14+D14+C14 -> 1990.39 | G14: =+ROUND(F14*35.3/100,2) -> 702.61 | H14: =+$H$2*$H$1 -> 0 | I14: =+G14+F14+H14 -> 2693 | J14: =+ROUND(I14/156,2) -> 17.26 | K14: =ROUND((C14*1.353)/156*1.15,2) -> 17.02 | L14: =ROUND((C14*1.353)/156*1.3,2) -> 19.24 | M14: =ROUND((C14*1.353)/156*1.5,2) -> 22.2
A15: c2 | B15: 19917.86 | C15: =+ROUND(B15/12,2) -> 1659.82 | D15: =+ROUND(C15/12,2) -> 138.32 | E15: =+D15 -> 138.32 | F15: =+E15+D15+C15 -> 1936.46 | G15: =+ROUND(F15*35.3/100,2) -> 683.57 | H15: =+$H$2*$H$1 -> 0 | I15: =+G15+F15+H15 -> 2620.03 | J15: =+ROUND(I15/156,2) -> 16.8 | K15: =ROUND((C15*1.353)/156*1.15,2) -> 16.56 | L15: =ROUND((C15*1.353)/156*1.3,2) -> 18.71 | M15: =ROUND((C15*1.353)/156*1.5,2) -> 21.59
A16: c1 | B16: 19454.15 | C16: =+ROUND(B16/12,2) -> 1621.18 | D16: =+ROUND(C16/12,2) -> 135.1 | E16: =+D16 -> 135.1 | F16: =+E16+D16+C16 -> 1891.38 | G16: =+ROUND(F16*35.3/100,2) -> 667.66 | H16: =+$H$2*$H$1 -> 0 | I16: =+G16+F16+H16 -> 2559.04 | J16: =+ROUND(I16/156,2) -> 16.4 | K16: =ROUND((C16*1.353)/156*1.15,2) -> 16.17 | L16: =ROUND((C16*1.353)/156*1.3,2) -> 18.28 | M16: =ROUND((C16*1.353)/156*1.5,2) -> 21.09
A17: b7 | B17: 19878.4 | C17: =+ROUND(B17/12,2) -> 1656.53 | D17: =+ROUND(C17/12,2) -> 138.04 | E17: =+D17 -> 138.04 | F17: =+E17+D17+C17 -> 1932.61 | G17: =+ROUND(F17*35.3/100,2) -> 682.21 | H17: =+$H$2*$H$1 -> 0 | I17: =+G17+F17+H17 -> 2614.82 | J17: =+ROUND(I17/156,2) -> 16.76 | K17: =ROUND((C17*1.353)/156*1.15,2) -> 16.52 | L17: =ROUND((C17*1.353)/156*1.3,2) -> 18.68 | M17: =ROUND((C17*1.353)/156*1.5,2) -> 21.55
... A28: a1 | B28: 16314.57 | C28: =+ROUND(B28/12,2) -> 1359.55 | D28: =+ROUND(C28/12,2) -> 113.3 | E28: =+D28 -> 113.3 | F28: =+E28+D28+C28 -> 1586.15 | G28: =+ROUND(F28*35.3/100,2) -> 559.91 | H28: =+$H$2*$H$1 -> 0 | I28: =+G28+F28+H28 -> 2146.06 | J28: =+ROUND(I28/156,2) -> 13.76 | K28: =ROUND((C28*1.353)/156*1.15,2) -> 13.56 | L28: =ROUND((C28*1.353)/156*1.3,2) -> 15.33 | M28: =ROUND((C28*1.353)/156*1.5,2) -> 17.69

Sheet CCNL EELL 2018
E1: valore buoni pasto | H1: 0
E2: gg/mese buoni pasto | H2: 26
A4: CCNL Enti LOCALI | J4: COSTO ORARIO (*)
B5: Retribuzione annua | C5: Retribuzione Mensile | D5: Rateo 13^ | E5: Rateo Ferie | F5: Mensile | G5: Oneri | H5: Buoni pasto | I5: Mensile all-in | J5: Orario | K5: Straordinario Feriale | L5: Straordinario Festivo o Notturno | M5: Straordinario festivo e notturno | O5: da nuovo ccnl
A6: d6 | B6: =+P6 -> 29638.84 | C6: =+ROUND(B6/12,2) -> 2469.9 | D6: =+ROUND(C6/12,2) -> 205.83 | E6: =+D6 -> 205.83 | F6: =+E6+D6+C6 -> 2881.56 | G6: =+ROUND(F6*$B$38,2) -> 1028.14 | H6: =+$H$2*$H$1 -> 0 | I6: =+G6+F6+H6 -> 3909.7 | J6: =+ROUND(I6/156,2) -> 25.06 | K6: =ROUND(((C6+D6)*$C$38)/156*1.15,2) -> 26.76 | L6: =ROUND(((C6+D6)*$C$38)/156*1.3,2) -> 30.25 | M6: =ROUND(((C6+D6)*$C$38)/156*1.5,2) -> 34.91 | O6: D6 | P6: 29638.84 | R6: D7 | S6: 31138.84
A7: d5 | B7: =+P7 -> 27723.7 | C7: =+ROUND(B7/12,2) -> 2310.31 | D7: =+ROUND(C7/12,2) -> 192.53 | E7: =+D7 -> 192.53 | F7: =+E7+D7+C7 -> 2695.37 | G7: =+ROUND(F7*$B$38,2) -> 961.71 | H7: =+$H$2*$H$1 -> 0 | I7: =+G7+F7+H7 -> 3657.08 | J7: =+ROUND(I7/156,2) -> 23.44 | K7: =ROUND(((C7+D7)*$C$38)/156*1.15,2) -> 25.03 | L7: =ROUND(((C7+D7)*$C$38)/156*1.3,2) -> 28.3 | M7: =ROUND(((C7+D7)*$C$38)/156*1.5,2) -> 32.65 | O7: D5 | P7: 27723.7 | R7: C6 | S7: 23543.2
A8: d4 | B8: =+P8 -> 26538.88 | C8: =+ROUND(B8/12,2) -> 2211.57 | D8: =+ROUND(C8/12,2) -> 184.3 | E8: =+D8 -> 184.3 | F8: =+E8+D8+C8 -> 2580.17 | G8: =+ROUND(F8*$B$38,2) -> 920.6 | H8: =+$H$2*$H$1 -> 0 | I8: =+G8+F8+H8 -> 3500.77 | J8: =+ROUND(I8/156,2) -> 22.44 | K8: =ROUND(((C8+D8)*$C$38)/156*1.15,2) -> 23.96 | L8: =ROUND(((C8+D8)*$C$38)/156*1.3,2) -> 27.09 | M8: =ROUND(((C8+D8)*$C$38)/156*1.5,2) -> 31.26 | O8: D4 | P8: 26538.88 | R8: B8 | S8: 21248.24
A9: d3 | B9: =+P9 -> 25451.86 | C9: =+ROUND(B9/12,2) -> 2120.99 | D9: =+ROUND(C9/12,2) -> 176.75 | E9: =+D9 -> 176.75 | F9: =+E9+D9+C9 -> 2474.49 | G9: =+ROUND(F9*$B$38,2) -> 882.9 | H9: =+$H$2*$H$1 -> 0 | I9: =+G9+F9+H9 -> 3357.39 | J9: =+ROUND(I9/156,2) -> 21.52 | K9: =ROUND(((C9+D9)*$C$38)/156*1.15,2) -> 22.98 | L9: =ROUND(((C9+D9)*$C$38)/156*1.3,2) -> 25.98 | M9: =ROUND(((C9+D9)*$C$38)/156*1.5,2) -> 29.98 | O9: D3 | P9: 25451.86 | R9: A6 | S9: 18661.97
A10: d2 | B10: =+P10 -> 23220.05 | C10: =+ROUND(B10/12,2) -> 1935 | D10: =+ROUND(C10/12,2) -> 161.25 | E10: =+D10 -> 161.25 | F10: =+E10+D10+C10 -> 2257.5 | G10: =+ROUND(F10*$B$38,2) -> 805.48 | H10: =+$H$2*$H$1 -> 0 | I10: =+G10+F10+H10 -> 3062.98 | J10: =+ROUND(I10/156,2) -> 19.63 | K10: =ROUND(((C10+D10)*$C$38)/156*1.15,2) -> 20.97 | L10: =ROUND(((C10+D10)*$C$38)/156*1.3,2) -> 23.7 | M10: =ROUND(((C10+D10)*$C$38)/156*1.5,2) -> 27.35 | O10: D2 | P10: 23220.05
A11: d1 | B11: =+P11 -> 22135.47 | C11: =+ROUND(B11/12,2) -> 1844.62 | D11: =+ROUND(C11/12,2) -> 153.72 | E11: =+D11 -> 153.72 | F11: =+E11+D11+C11 -> 2152.06 | G11: =+ROUND(F11*$B$38,2) -> 767.86 | H11: =+$H$2*$H$1 -> 0 | I11: =+G11+F11+H11 -> 2919.92 | J11: =+ROUND(I11/156,2) -> 18.72 | K11: =ROUND(((C11+D11)*$C$38)/156*1.15,2) -> 19.99 | L11: =ROUND(((C11+D11)*$C$38)/156*1.3,2) -> 22.59 | M11: =ROUND(((C11+D11)*$C$38)/156*1.5,2) -> 26.07 | O11: D1 | P11: 22135.47
A12: c5 | B12: =+P12 -> 22903.2 | C12: =+ROUND(B12/12,2) -> 1908.6 | D12: =+ROUND(C12/12,2) -> 159.05 | E12: =+D12 -> 159.05 | F12: =+E12+D12+C12 -> 2226.7 | G12: =+ROUND(F12*$B$38,2) -> 794.49 | H12: =+$H$2*$H$1 -> 0 | I12: =+G12+F12+H12 -> 3021.19 | J12: =+ROUND(I12/156,2) -> 19.37 | K12: =ROUND(((C12+D12)*$C$38)/156*1.15,2) -> 20.68 | L12: =ROUND(((C12+D12)*$C$38)/156*1.3,2) -> 23.38 | M12: =ROUND(((C12+D12)*$C$38)/156*1.5,2) -> 26.97 | O12: C5 | P12: 22903.2
A13: c4 | B13: =+P13 -> 22086.11 | C13: =+ROUND(B13/12,2) -> 1840.51 | D13: =+ROUND(C13/12,2) -> 153.38 | E13: =+D13 -> 153.38 | F13: =+E13+D13+C13 -> 2147.27 | G13: =+ROUND(F13*$B$38,2) -> 766.15 | H13: =+$H$2*$H$1 -> 0 | I13: =+G13+F13+H13 -> 2913.42 | J13: =+ROUND(I13/156,2) -> 18.68 | K13: =ROUND(((C13+D13)*$C$38)/156*1.15,2) -> 19.94 | L13: =ROUND(((C13+D13)*$C$38)/156*1.3,2) -> 22.54 | M13: =ROUND(((C13+D13)*$C$38)/156*1.5,2) -> 26.01 | O13: C4 | P13: 22086.11
A14: c3 | B14: =+P14 -> 21409.82 | C14: =+ROUND(B14/12,2) -> 1784.15 | D14: =+ROUND(C14/12,2) -> 148.68 | E14: =+D14 -> 148.68 | F14: =+E14+D14+C14 -> 2081.51 | G14: =+ROUND(F14*$B$38,2) -> 742.68 | H14: =+$H$2*$H$1 -> 0 | I14: =+G14+F14+H14 -> 2824.19 | J14: =+ROUND(I14/156,2) -> 18.1 | K14: =ROUND(((C14+D14)*$C$38)/156*1.15,2) -> 19.33 | L14: =ROUND(((C14+D14)*$C$38)/156*1.3,2) -> 21.85 | M14: =ROUND(((C14+D14)*$C$38)/156*1.5,2) -> 25.22 | O14: C3 | P14: 21409.82
A15: c2 | B15: =+P15 -> 20829.26 | C15: =+ROUND(B15/12,2) -> 1735.77 | D15: =+ROUND(C15/12,2) -> 144.65 | E15: =+D15 -> 144.65 | F15: =+E15+D15+C15 -> 2025.07 | G15: =+ROUND(F15*$B$38,2) -> 722.54 | H15: =+$H$2*$H$1 -> 0 | I15: =+G15+F15+H15 -> 2747.61 | J15: =+ROUND(I15/156,2) -> 17.61 | K15: =ROUND(((C15+D15)*$C$38)/156*1.15,2) -> 18.81 | L15: =ROUND(((C15+D15)*$C$38)/156*1.3,2) -> 21.26 | M15: =ROUND(((C15+D15)*$C$38)/156*1.5,2) -> 24.53 | O15: C2 | P15: 20829.26
A16: c1 | B16: =+P16 -> 20344.07 | C16: =+ROUND(B16/12,2) -> 1695.34 | D16: =+ROUND(C16/12,2) -> 141.28 | E16: =+D16 -> 141.28 | F16: =+E16+D16+C16 -> 1977.9 | G16: =+ROUND(F16*$B$38,2) -> 705.71 | H16: =+$H$2*$H$1 -> 0 | I16: =+G16+F16+H16 -> 2683.61 | J16: =+ROUND(I16/156,2) -> 17.2 | K16: =ROUND(((C16+D16)*$C$38)/156*1.15,2) -> 18.37 | L16: =ROUND(((C16+D16)*$C$38)/156*1.3,2) -> 20.77 | M16: =ROUND(((C16+D16)*$C$38)/156*1.5,2) -> 23.96 | O16: C1 | P16: 20344.07
A17: b7 | B17: =+P17 -> 20788.24 | C17: =+ROUND(B17/12,2) -> 1732.35 | D17: =+ROUND(C17/12,2) -> 144.36 | E17: =+D17 -> 144.36 | F17: =+E17+D17+C17 -> 2021.07 | G17: =+ROUND(F17*$B$38,2) -> 721.12 | H17: =+$H$2*$H$1 -> 0 | I17: =+G17+F17+H17 -> 2742.19 | J17: =+ROUND(I17/156,2) -> 17.58 | K17: =ROUND(((C17+D17)*$C$38)/156*1.15,2) -> 18.77 | L17: =ROUND(((C17+D17)*$C$38)/156*1.3,2) -> 21.22 | M17: =ROUND(((C17+D17)*$C$38)/156*1.5,2) -> 24.48 | O17: B7 | P17: 20788.24
A18: b6 | B18: =+P18 -> 20019.1 | C18: =+ROUND(B18/12,2) -> 1668.26 | D18: =+ROUND(C18/12,2) -> 139.02 | E18: =+D18 -> 139.02 | F18: =+E18+D18+C18 -> 1946.3 | G18: =+ROUND(F18*$B$38,2) -> 694.44 | H18: =+$H$2*$H$1 -> 0 | I18: =+G18+F18+H18 -> 2640.74 | J18: =+ROUND(I18/156,2) -> 16.93 | K18: =ROUND(((C18+D18)*$C$38)/156*1.15,2) -> 18.08 | L18: =ROUND(((C18+D18)*$C$38)/156*1.3,2) -> 20.43 | M18: =ROUND(((C18+D18)*$C$38)/156*1.5,2) -> 23.58 | O18: B6 | P18: 20019.1
A19: b5 | B19: =+P19 -> 19669.91 | C19: =+ROUND(B19/12,2) -> 1639.16 | D19: =+ROUND(C19/12,2) -> 136.6 | E19: =+D19 -> 136.6 | F19: =+E19+D19+C19 -> 1912.36 | G19: =+ROUND(F19*$B$38,2) -> 682.33 | H19: =+$H$2*$H$1 -> 0 | I19: =+G19+F19+H19 -> 2594.69 | J19: =+ROUND(I19/156,2) -> 16.63 | K19: =ROUND(((C19+D19)*$C$38)/156*1.15,2) -> 17.76 | L19: =ROUND(((C19+D19)*$C$38)/156*1.3,2) -> 20.08 | M19: =ROUND(((C19+D19)*$C$38)/156*1.5,2) -> 23.17 | O19: B5 | P19: 19669.91
A20: b4 | B20: =+P20 -> 19343.33 | C20: =+ROUND(B20/12,2) -> 1611.94 | D20: =+ROUND(C20/12,2) -> 134.33 | E20: =+D20 -> 134.33 | F20: =+E20+D20+C20 -> 1880.6 | G20: =+ROUND(F20*$B$38,2) -> 671 | H20: =+$H$2*$H$1 -> 0 | I20: =+G20+F20+H20 -> 2551.6 | J20: =+ROUND(I20/156,2) -> 16.36 | K20: =ROUND(((C20+D20)*$C$38)/156*1.15,2) -> 17.47 | L20: =ROUND(((C20+D20)*$C$38)/156*1.3,2) -> 19.74 | M20: =ROUND(((C20+D20)*$C$38)/156*1.5,2) -> 22.78 | O20: B4 | P20: 19343.33
A21: b3 | B21: =+P21 -> 19063.8 | C21: =+ROUND(B21/12,2) -> 1588.65 | D21: =+ROUND(C21/12,2) -> 132.39 | E21: =+D21 -> 132.39 | F21: =+E21+D21+C21 -> 1853.43 | G21: =+ROUND(F21*$B$38,2) -> 661.3 | H21: =+$H$2*$H$1 -> 0 | I21: =+G21+F21+H21 -> 2514.73 | J21: =+ROUND(I21/156,2) -> 16.12 | K21: =ROUND(((C21+D21)*$C$38)/156*1.15,2) -> 17.21 | L21: =ROUND(((C21+D21)*$C$38)/156*1.3,2) -> 19.46 | M21: =ROUND(((C21+D21)*$C$38)/156*1.5,2) -> 22.45 | O21: B3 | P21: 19063.8
... A28: a1 | B28: =+P28 -> 17060.97 | C28: =+ROUND(B28/12,2) -> 1421.75 | D28: =+ROUND(C28/12,2) -> 118.48 | E28: =+D28 -> 118.48 | F28: =+E28+D28+C28 -> 1658.71 | G28: =+ROUND(F28*$B$38,2) -> 591.83 | H28: =+$H$2*$H$1 -> 0 | I28: =+G28+F28+H28 -> 2250.54 | J28: =+ROUND(I28/156,2) -> 14.43 | K28: =ROUND(((C28+D28)*$C$38)/156*1.15,2) -> 15.41 | L28: =ROUND(((C28+D28)*$C$38)/156*1.3,2) -> 17.41 | M28: =ROUND(((C28+D28)*$C$38)/156*1.5,2) -> 20.09 | O28: A1 | P28: 17060.97
A31: (*) da art. 10 del ccnl 9/5/2006, un mese è fatto da 156 ore
A33: Oneri riflessi
A34: CPDEL | B34: 0.238
A35: Irap | B35: 0.085
A36: Inail | B36: 0.005
A37: Inadel (3,60% su 80% retribuzione) -TFS | B37: =3.6%*0.8 -> 0.0288
B38: =+SUM(B34:B37) -> 0.3568 | C38: =+B38+1 -> 1.3568

Sheet CCNL cooperative (11-19)
A1: TipologiaAliquota IRAP | B1: Specifica
A2: Regione | B2: =+INPUT!C2 -> Puglia
A3: Aliquota Irap Applicata | B3: =+IF(B1="Generale",0.039,INDEX(C48:C51,MATCH(B2,B48:B51,0))) -> 0
A5: Indennità di turno | B5: No
A6: Numero ore annuali lavorate | B6: 1548 | C6: 1548
A9: Livelli | B9: A1 | C9: A2 | D9: B1 | E9: B1 con i.f. | F9: C1 | G9: C2 | H9: C3/D1 | I9: C3/D1 con i.p. | J9: D2 | K9: D2 con i.p. | L9: D3/E1 | M9: E2 | N9: E2 con i.p. | O9: F1 | P9: F1 con i.p. | Q9: F2 | R9: F2 con i.d.
A10: Minimi contr.li conglobati mensili | B10: 1214.99 | C10: 1226.23 | D10: 1283.36 | F10: 1380.21 | G10: 1421.55 | H10: 1463.53 | I10: 1463.53 | J10: 1543.82 | K10: 1543.82 | L10: 1643.47 | M10: 1773.89 | N10: 1773.89 | O10: 1959.19 | P10: 1959.19 | Q10: 2237.47 | R10: 2237.47
A11: Anzianità (tre scatti) | B11: 34.86 | C11: 40.29 | D11: 48.81 | F11: 55.77 | G11: 58.89 | H11: 61.98 | I11: 61.98 | J11: 69.72 | K11: 69.72 | L11: 80.58 | M11: 94.5 | N11: 94.5 | O11: 118.53 | P11: 118.53 | Q11: 139.44 | R11: 139.44
A12: Indennità professionali | I12: 61.97 | K12: 154.94 | N12: 258.23 | P12: 258.23 | R12: 232.41
A13: Indennità di funzione | M13: 77.47 | O13: 154.94 | Q13: 232.41
A14: Altre indennità | B14: 30.98 | C14: 31.27 | D14: 32.73 | F14: 35.2 | G14: 36.25 | H14: 37.32 | I14: 37.32 | J14: 39.37 | K14: 39.37 | L14: 41.91 | M14: 45.23 | N14: 45.23 | O14: 49.96 | P14: 49.96 | Q14: 57.06 | R14: 57.06
A16: Lordo Mensile | B16: =+SUM(B10:B14) -> 1280.83 | C16: =+SUM(C10:C14) -> 1297.79 | D16: =+SUM(D10:D14) -> 1364.9 | E16: =+SUM(E10:E14) -> 0 | F16: =+SUM(F10:F14) -> 1471.18 | G16: =+SUM(G10:G14) -> 1516.69 | H16: =+SUM(H10:H14) -> 1562.83 | I16: =+SUM(I10:I14) -> 1624.8 | ... R16: =+SUM(R10:R14) -> 2666.38
A17: Totale Lordo annuo+ 13esima | B17: =+B16*13 -> 16650.79 | C17: =+C16*13 -> 16871.27 | D17: =+D16*13 -> 17743.7 | E17: =+E16*13 -> 0 | F17: =+F16*13 -> 19125.34 | G17: =+G16*13 -> 19716.97 | H17: =+H16*13 -> 20316.79 | I17: =+I16*13 -> 21122.4 | ... R17: =+R16*13 -> 34662.94
A19: Oneri
A20: Inps (27,33%) | B20: =+B17*0.2733 -> 4550.6609 | C20: =+C17*0.2733 -> 4610.9181 | D20: =+D17*0.2733 -> 4849.3532 | F20: =+F17*0.2733 -> 5226.9554 | G20: =+G17*0.2733 -> 5388.6479 | H20: =+H17*0.2733 -> 5552.5787 | I20: =+I17*0.2733 -> 5772.7519 | J20: =+J17*0.2733 -> 5872.6239 | K20: =+K17*0.2733 -> 6423.1103 | L20: =+L17*0.2733 -> 6274.2793 | M20: =+M17*0.2733 -> 7074.1437 | ... R20: =+R17*0.2733 -> 9473.3815
A21: Inail (3%) | B21: =+B17*0.03 -> 499.5237 | C21: =+C17*0.03 -> 506.1381 | D21: =+D17*0.03 -> 532.311 | F21: =+F17*0.03 -> 573.7602 | G21: =+G17*0.03 -> 591.5091 | H21: =+H17*0.03 -> 609.5037 | I21: =+I17*0.03 -> 633.672 | J21: =+J17*0.03 -> 644.6349 | K21: =+K17*0.03 -> 705.0615 | L21: =+L17*0.03 -> 688.7244 | M21: =+M17*0.03 -> 776.5251 | ... R21: =+R17*0.03 -> 1039.8882
A22: Totale oneri | B22: =+B21+B20 -> 5050.1846 | C22: =+C21+C20 -> 5117.0562 | D22: =+D21+D20 -> 5381.6642 | F22: =+F21+F20 -> 5800.7156 | G22: =+G21+G20 -> 5980.157 | H22: =+H21+H20 -> 6162.0824 | I22: =+I21+I20 -> 6406.4239 | J22: =+J21+J20 -> 6517.2588 | K22: =+K21+K20 -> 7128.1718 | L22: =+L21+L20 -> 6963.0037 | M22: =+M21+M20 -> 7850.6688 | ... R22: =+R21+R20 -> 10513.27
A24: Oneri per la sciurezza | B24: 200 | C24: 200 | D24: 200 | F24: 200 | G24: 200 | H24: 200 | I24: 200 | J24: 200 | K24: 200 | L24: 200 | M24: 200 | N24: 200 | O24: 200 | P24: 200 | Q24: 200 | R24: 200
A25: TFR | B25: =+B16*0.962962 -> 1233.3906 | C25: =+C16*0.962962 -> 1249.7225 | D25: =+D16*0.962962 -> 1314.3468 | F25: =+F16*0.962962 -> 1416.6904 | G25: =+G16*0.962962 -> 1460.5148 | H25: =+H16*0.962962 -> 1504.9459 | I25: =+I16*0.962962 -> 1564.6207 | J25: =+J16*0.962962 -> 1591.6895 | K25: =+K16*0.962962 -> 1740.8909 | L25: =+L16*0.962962 -> 1700.5524 | M25: =+M16*0.962962 -> 1917.344 | ... R25: =+R16*0.962962 -> 2567.6226
A26: Rivalutazione T.F.R. (2,2418% ) * stimata su 6 anni | B26: =+B25*0.022418*6 -> 165.90091 | C26: =+C25*0.022418*6 -> 168.09767 | D26: =+D25*0.022418*6 -> 176.79016 | F26: =+F25*0.022418*6 -> 190.5562 | G26: =+G25*0.022418*6 -> 196.45093 | H26: =+H25*0.022418*6 -> 202.42726 | I26: =+I25*0.022418*6 -> 210.454 | J26: =+J25*0.022418*6 -> 214.09497 | K26: =+K25*0.022418*6 -> 234.16375 | L26: =+L25*0.022418*6 -> 228.7379 | M26: =+M25*0.022418*6 -> 257.89811 | ... R26: =+R25*0.022418*6 -> 345.36578
A27: Previdenza complementare (1,5%) | B27: =+B17*0.015 -> 249.76185 | C27: =+C17*0.015 -> 253.06905 | D27: =+D17*0.015 -> 266.1555 | F27: =+F17*0.015 -> 286.8801 | G27: =+G17*0.015 -> 295.75455 | H27: =+H17*0.015 -> 304.75185 | I27: =+I17*0.015 -> 316.836 | J27: =+J17*0.015 -> 322.31745 | K27: =+K17*0.015 -> 352.53075 | L27: =+L17*0.015 -> 344.3622 | M27: =+M17*0.015 -> 388.26255 | ... R27: =+R17*0.015 -> 519.9441
A28: Assistenza Sanitaria Integrativa | B28: 66 | C28: 66 | D28: 66 | F28: 66 | G28: 66 | H28: 66 | I28: 66 | J28: 66 | K28: 66 | L28: 66 | M28: 66 | N28: 66 | O28: 66 | P28: 66 | Q28: 66 | R28: 66
A30: Costo Annuo | B30: =+B17+B22+B25+B26+B27+B28+B24 -> 23616.028 | C30: =+C17+C22+C25+C26+C27+C28+C24 -> 23925.215 | D30: =+D17+D22+D25+D26+D27+D28+D24 -> 25148.657 | F30: =+F17+F22+F25+F26+F27+F28+F24 -> 27086.182 | G30: =+G17+G22+G25+G26+G27+G28+G24 -> 27915.847 | H30: =+H17+H22+H25+H26+H27+H28+H24 -> 28756.997 | I30: =+I17+I22+I25+I26+I27+I28+I24 -> 29886.735 | J30: =+J17+J22+J25+J26+J27+J28+J24 -> 30399.191 | K30: =+K17+K22+K25+K26+K27+K28+K24 -> 33223.807 | L30: =+L17+L22+L25+L26+L27+L28+L24 -> 32460.136 | M30: =+M17+M22+M25+M26+M27+M28+M24 -> 36564.343 | ... R30: =+R17+R22+R25+R26+R27+R28+R24 -> 48875.142
A31: Indennità di turno | B31: =+IF($B$5="Si",B56,0) -> 0 | C31: =+IF($B$5="Si",C56,0) -> 0 | D31: =+IF($B$5="Si",D56,0) -> 0 | F31: =+IF($B$5="Si",F56,0) -> 0 | G31: =+IF($B$5="Si",G56,0) -> 0 | H31: =+IF($B$5="Si",H56,0) -> 0 | I31: =+IF($B$5="Si",I56,0) -> 0 | J31: =+IF($B$5="Si",J56,0) -> 0 | K31: =+IF($B$5="Si",K56,0) -> 0 | L31: =+IF($B$5="Si",L56,0) -> 0 | M31: =+IF($B$5="Si",M56,0) -> 0 | ... R31: =+IF($B$5="Si",R56,0) -> 0
A33: Totale costo annuo | B33: =+B31+B30 -> 23616.028 | C33: =+C31+C30 -> 23925.215 | D33: =+D31+D30 -> 25148.657 | F33: =+F31+F30 -> 27086.182 | G33: =+G31+G30 -> 27915.847 | H33: =+H31+H30 -> 28756.997 | I33: =+I31+I30 -> 29886.735 | J33: =+J31+J30 -> 30399.191 | K33: =+K31+K30 -> 33223.807 | L33: =+L31+L30 -> 32460.136 | M33: =+M31+M30 -> 36564.343 | ... R33: =+R31+R30 -> 48875.142
A35: Costo orario | B35: =+ROUND(B33/$B$6,2) -> 15.26 | C35: =+ROUND(C33/$B$6,2) -> 15.46 | D35: =+ROUND(D33/$B$6,2) -> 16.25 | F35: =+ROUND(F33/$B$6,2) -> 17.5 | G35: =+ROUND(G33/$B$6,2) -> 18.03 | H35: =+ROUND(H33/$B$6,2) -> 18.58 | I35: =+ROUND(I33/$B$6,2) -> 19.31 | J35: =+ROUND(J33/$B$6,2) -> 19.64 | K35: =+ROUND(K33/$B$6,2) -> 21.46 | L35: =+ROUND(L33/$B$6,2) -> 20.97 | M35: =+ROUND(M33/$B$6,2) -> 23.62 | ... R35: =+ROUND(R33/$B$6,2) -> 31.57
A36: imponibile irap | B36: =+B33-B21-B27-B24 -> 22666.742 | C36: =+C33-C21-C27-C24 -> 22966.008 | D36: =+D33-D21-D27-D24 -> 24150.19 | E36: =+E33-E21-E27-E24 -> 0 | F36: =+F33-F21-F27-F24 -> 26025.542 | G36: =+G33-G21-G27-G24 -> 26828.584 | H36: =+H33-H21-H27-H24 -> 27642.742 | I36: =+I33-I21-I27-I24 -> 28736.227 | ... R36: =+R33-R21-R27-R24 -> 47115.31
A37: imponibile irap orario | B37: =+ROUND(B36/$B$6,2) -> 14.64 | C37: =+ROUND(C36/$B$6,2) -> 14.84 | D37: =+ROUND(D36/$B$6,2) -> 15.6 | F37: =+ROUND(F36/$B$6,2) -> 16.81 | G37: =+ROUND(G36/$B$6,2) -> 17.33 | H37: =+ROUND(H36/$B$6,2) -> 17.86 | I37: =+ROUND(I36/$B$6,2) -> 18.56 | J37: =+ROUND(J36/$B$6,2) -> 18.88 | K37: =+ROUND(K36/$B$6,2) -> 20.65 | L37: =+ROUND(L36/$B$6,2) -> 20.17 | M37: =+ROUND(M36/$B$6,2) -> 22.74 | ... R37: =+ROUND(R36/$B$6,2) -> 30.44
A38: Irap forfettaria al 3,9% | B38: =+B37*0.039 -> 0.57096 | C38: =+C37*0.039 -> 0.57876 | D38: =+D37*0.039 -> 0.6084 | F38: =+F37*0.039 -> 0.65559 | G38: =+G37*0.039 -> 0.67587 | H38: =+H37*0.039 -> 0.69654 | I38: =+I37*0.039 -> 0.72384 | J38: =+J37*0.039 -> 0.73632 | K38: =+K37*0.039 -> 0.80535 | L38: =+L37*0.039 -> 0.78663 | M38: =+M37*0.039 -> 0.88686 | ... R38: =+R37*0.039 -> 1.18716
A39: Irap | B39: =+ROUND(B37*$B$3,2) -> 0 | C39: =+ROUND(C37*$B$3,2) -> 0 | D39: =+ROUND(D37*$B$3,2) -> 0 | F39: =+ROUND(F37*$B$3,2) -> 0 | G39: =+ROUND(G37*$B$3,2) -> 0 | H39: =+ROUND(H37*$B$3,2) -> 0 | I39: =+ROUND(I37*$B$3,2) -> 0 | J39: =+ROUND(J37*$B$3,2) -> 0 | K39: =+ROUND(K37*$B$3,2) -> 0 | L39: =+ROUND(L37*$B$3,2) -> 0 | M39: =+ROUND(M37*$B$3,2) -> 0 | ... R39: =+ROUND(R37*$B$3,2) -> 0
A40: Totale costo orario | B40: =+B39+B35 -> 15.26 | C40: =+C39+C35 -> 15.46 | D40: =+D39+D35 -> 16.25 | F40: =+F39+F35 -> 17.5 | G40: =+G39+G35 -> 18.03 | H40: =+H39+H35 -> 18.58 | I40: =+I39+I35 -> 19.31 | J40: =+J39+J35 -> 19.64 | K40: =+K39+K35 -> 21.46 | L40: =+L39+L35 -> 20.97 | M40: =+M39+M35 -> 23.62 | ... R40: =+R39+R35 -> 31.57
B45: Specifica
B46: Specifica
B48: Calabria | C48: =4.97% -> 0.0497
B49: Campania | C49: =4.4% -> 0.044
B50: Sicilia | C50: 0
B51: Puglia | C51: 0
B53: Si
B54: No
A56: indennità di turno | B56: 2702.73 | C56: 2738.51 | D56: 2880.13 | F56: 3104.4 | G56: 3200.43 | H56: 3297.79 | I56: 3428.55 | J56: 3487.87 | K56: 3814.81 | L56: 3726.42 | M56: 4201.49 | N56: 4582.91 | O56: 4816.65 | P56: 5034.61 | Q56: 5626.43 | R56: 5626.43

Sheet CCNL cooperative (4-20)
A1: TipologiaAliquota IRAP | B1: Specifica
A2: Regione | B2: =+INPUT!C2 -> Puglia
A3: Aliquota Irap Applicata | B3: =+IF(B1="Generale",0.039,INDEX(C48:C51,MATCH(B2,B48:B51,0))) -> 0
A5: Indennità di turno | B5: No
A6: Numero ore annuali lavorate | B6: 1548 | C6: 1548
A9: Livelli | B9: A1 | C9: A2 | D9: B1 | E9: B1 con i.f. | F9: C1 | G9: C2 | H9: C3/D1 | I9: C3/D1 con i.p. | J9: D2 | K9: D2 con i.p. | L9: D3/E1 | M9: E2 | N9: E2 con i.p. | O9: F1 | P9: F1 con i.p. | Q9: F2 | R9: F2 con i.d.
A10: Minimi contr.li conglobati mensili | B10: 1236.99 | C10: 1248.44 | D10: 1306.61 | F10: 1405.21 | G10: 1447.3 | H10: 1490.04 | I10: 1490.04 | J10: 1571.78 | K10: 1571.78 | L10: 1673.23 | M10: 1806.03 | N10: 1806.03 | O10: 1994.68 | P10: 1994.68 | Q10: 2277.99 | R10: 2277.99
A11: Anzianità (tre scatti) | B11: 34.86 | C11: 40.29 | D11: 48.81 | F11: 55.77 | G11: 58.89 | H11: 61.98 | I11: 61.98 | J11: 69.72 | K11: 69.72 | L11: 80.58 | M11: 94.5 | N11: 94.5 | O11: 118.53 | P11: 118.53 | Q11: 139.44 | R11: 139.44
A12: Indennità professionali | I12: 61.97 | K12: 154.94 | N12: 258.23 | P12: 258.23 | R12: 232.41
A13: Indennità di funzione | M13: 77.47 | O13: 154.94 | Q13: 232.41
A14: Altre indennità | B14: 31.54 | C14: 31.84 | D14: 33.32 | F14: 35.83 | G14: 36.91 | H14: 38 | I14: 38 | J14: 40.08 | K14: 40.08 | L14: 42.67 | M14: 46.05 | N14: 46.05 | O14: 50.86 | P14: 50.86 | Q14: 58.09 | R14: 58.09
A16: Lordo Mensile | B16: =+SUM(B10:B14) -> 1303.39 | C16: =+SUM(C10:C14) -> 1320.57 | D16: =+SUM(D10:D14) -> 1388.74 | E16: =+SUM(E10:E14) -> 0 | F16: =+SUM(F10:F14) -> 1496.81 | G16: =+SUM(G10:G14) -> 1543.1 | H16: =+SUM(H10:H14) -> 1590.02 | I16: =+SUM(I10:I14) -> 1651.99 | ... R16: =+SUM(R10:R14) -> 2707.93
A17: Totale Lordo annuo+ 13esima | B17: =+B16*13 -> 16944.07 | C17: =+C16*13 -> 17167.41 | D17: =+D16*13 -> 18053.62 | E17: =+E16*13 -> 0 | F17: =+F16*13 -> 19458.53 | G17: =+G16*13 -> 20060.3 | H17: =+H16*13 -> 20670.26 | I17: =+I16*13 -> 21475.87 | ... R17: =+R16*13 -> 35203.09
A19: Oneri
A20: Inps (27,33%) | B20: =+B17*0.2733 -> 4630.8143 | C20: =+C17*0.2733 -> 4691.8532 | D20: =+D17*0.2733 -> 4934.0543 | F20: =+F17*0.2733 -> 5318.0162 | G20: =+G17*0.2733 -> 5482.48 | H20: =+H17*0.2733 -> 5649.1821 | I20: =+I17*0.2733 -> 5869.3553 | J20: =+J17*0.2733 -> 5974.4856 | K20: =+K17*0.2733 -> 6524.9719 | L20: =+L17*0.2733 -> 6382.7138 | M20: =+M17*0.2733 -> 7191.2472 | ... R20: =+R17*0.2733 -> 9621.0045
A21: Inail (3%) | B21: =+B17*0.03 -> 508.3221 | C21: =+C17*0.03 -> 515.0223 | D21: =+D17*0.03 -> 541.6086 | F21: =+F17*0.03 -> 583.7559 | G21: =+G17*0.03 -> 601.809 | H21: =+H17*0.03 -> 620.1078 | I21: =+I17*0.03 -> 644.2761 | J21: =+J17*0.03 -> 655.8162 | K21: =+K17*0.03 -> 716.2428 | L21: =+L17*0.03 -> 700.6272 | M21: =+M17*0.03 -> 789.3795 | ... R21: =+R17*0.03 -> 1056.0927
A22: Totale oneri | B22: =+B21+B20 -> 5139.1364 | C22: =+C21+C20 -> 5206.8755 | D22: =+D21+D20 -> 5475.6629 | F22: =+F21+F20 -> 5901.7721 | G22: =+G21+G20 -> 6084.289 | H22: =+H21+H20 -> 6269.2899 | I22: =+I21+I20 -> 6513.6314 | J22: =+J21+J20 -> 6630.3018 | K22: =+K21+K20 -> 7241.2147 | L22: =+L21+L20 -> 7083.341 | M22: =+M21+M20 -> 7980.6267 | ... R22: =+R21+R20 -> 10677.097
A24: Oneri per la sciurezza | B24: 200 | C24: 200 | D24: 200 | F24: 200 | G24: 200 | H24: 200 | I24: 200 | J24: 200 | K24: 200 | L24: 200 | M24: 200 | N24: 200 | O24: 200 | P24: 200 | Q24: 200 | R24: 200
A25: TFR | B25: =+B16*0.962962 -> 1255.115 | C25: =+C16*0.962962 -> 1271.6587 | D25: =+D16*0.962962 -> 1337.3038 | F25: =+F16*0.962962 -> 1441.3712 | G25: =+G16*0.962962 -> 1485.9467 | H25: =+H16*0.962962 -> 1531.1288 | I25: =+I16*0.962962 -> 1590.8036 | J25: =+J16*0.962962 -> 1619.2976 | K25: =+K16*0.962962 -> 1768.499 | L25: =+L16*0.962962 -> 1729.942 | M25: =+M16*0.962962 -> 1949.0832 | ... R25: =+R16*0.962962 -> 2607.6337
A26: Rivalutazione T.F.R. (1,8673% ) * stimata su 6 anni | B26: =+B25*0.018673*6 -> 140.62058 | C26: =+C25*0.018673*6 -> 142.4741 | D26: =+D25*0.018673*6 -> 149.82885 | E26: =+E25*0.018673*6 -> 0 | F26: =+F25*0.018673*6 -> 161.48834 | G26: =+G25*0.018673*6 -> 166.48249 | H26: =+H25*0.018673*6 -> 171.54461 | I26: =+I25*0.018673*6 -> 178.23045 | ... R26: =+R25*0.018673*6 -> 292.15406
A27: Previdenza complementare (1,5%) | B27: =+B17*0.015 -> 254.16105 | C27: =+C17*0.015 -> 257.51115 | D27: =+D17*0.015 -> 270.8043 | F27: =+F17*0.015 -> 291.87795 | G27: =+G17*0.015 -> 300.9045 | H27: =+H17*0.015 -> 310.0539 | I27: =+I17*0.015 -> 322.13805 | J27: =+J17*0.015 -> 327.9081 | K27: =+K17*0.015 -> 358.1214 | L27: =+L17*0.015 -> 350.3136 | M27: =+M17*0.015 -> 394.68975 | ... R27: =+R17*0.015 -> 528.04635
A28: Assistenza Sanitaria Integrativa | B28: 66 | C28: 66 | D28: 66 | F28: 66 | G28: 66 | H28: 66 | I28: 66 | J28: 66 | K28: 66 | L28: 66 | M28: 66 | N28: 66 | O28: 66 | P28: 66 | Q28: 66 | R28: 66
A30: Costo Annuo | B30: =+B17+B22+B25+B26+B27+B28+B24 -> 23999.103 | C30: =+C17+C22+C25+C26+C27+C28+C24 -> 24311.929 | D30: =+D17+D22+D25+D26+D27+D28+D24 -> 25553.22 | F30: =+F17+F22+F25+F26+F27+F28+F24 -> 27521.04 | G30: =+G17+G22+G25+G26+G27+G28+G24 -> 28363.923 | H30: =+H17+H22+H25+H26+H27+H28+H24 -> 29218.277 | I30: =+I17+I22+I25+I26+I27+I28+I24 -> 30346.673 | J30: =+J17+J22+J25+J26+J27+J28+J24 -> 30885.47 | K30: =+K17+K22+K25+K26+K27+K28+K24 -> 33706.734 | L30: =+L17+L22+L25+L26+L27+L28+L24 -> 32977.656 | M30: =+M17+M22+M25+M26+M27+M28+M24 -> 37121.421 | ... R30: =+R17+R22+R25+R26+R27+R28+R24 -> 49574.021
A31: Indennità di turno | B31: =+IF($B$5="Si",B56,0) -> 0 | C31: =+IF($B$5="Si",C56,0) -> 0 | D31: =+IF($B$5="Si",D56,0) -> 0 | F31: =+IF($B$5="Si",F56,0) -> 0 | G31: =+IF($B$5="Si",G56,0) -> 0 | H31: =+IF($B$5="Si",H56,0) -> 0 | I31: =+IF($B$5="Si",I56,0) -> 0 | J31: =+IF($B$5="Si",J56,0) -> 0 | K31: =+IF($B$5="Si",K56,0) -> 0 | L31: =+IF($B$5="Si",L56,0) -> 0 | M31: =+IF($B$5="Si",M56,0) -> 0 | ... R31: =+IF($B$5="Si",R56,0) -> 0
A33: Totale costo annuo | B33: =+B31+B30 -> 23999.103 | C33: =+C31+C30 -> 24311.929 | D33: =+D31+D30 -> 25553.22 | F33: =+F31+F30 -> 27521.04 | G33: =+G31+G30 -> 28363.923 | H33: =+H31+H30 -> 29218.277 | I33: =+I31+I30 -> 30346.673 | J33: =+J31+J30 -> 30885.47 | K33: =+K31+K30 -> 33706.734 | L33: =+L31+L30 -> 32977.656 | M33: =+M31+M30 -> 37121.421 | ... R33: =+R31+R30 -> 49574.021
A35: Costo orario | B35: =+ROUND(B33/$B$6,2) -> 15.5 | C35: =+ROUND(C33/$B$6,2) -> 15.71 | D35: =+ROUND(D33/$B$6,2) -> 16.51 | F35: =+ROUND(F33/$B$6,2) -> 17.78 | G35: =+ROUND(G33/$B$6,2) -> 18.32 | H35: =+ROUND(H33/$B$6,2) -> 18.87 | I35: =+ROUND(I33/$B$6,2) -> 19.6 | J35: =+ROUND(J33/$B$6,2) -> 19.95 | K35: =+ROUND(K33/$B$6,2) -> 21.77 | L35: =+ROUND(L33/$B$6,2) -> 21.3 | M35: =+ROUND(M33/$B$6,2) -> 23.98 | ... R35: =+ROUND(R33/$B$6,2) -> 32.02
A36: imponibile irap | B36: =+B33-B21-B27-B24 -> 23036.62 | C36: =+C33-C21-C27-C24 -> 23339.396 | D36: =+D33-D21-D27-D24 -> 24540.807 | E36: =+E33-E21-E27-E24 -> 0 | F36: =+F33-F21-F27-F24 -> 26445.406 | G36: =+G33-G21-G27-G24 -> 27261.209 | H36: =+H33-H21-H27-H24 -> 28088.116 | I36: =+I33-I21-I27-I24 -> 29180.259 | ... R36: =+R33-R21-R27-R24 -> 47789.882
A37: imponibile irap orario | B37: =+ROUND(B36/$B$6,2) -> 14.88 | C37: =+ROUND(C36/$B$6,2) -> 15.08 | D37: =+ROUND(D36/$B$6,2) -> 15.85 | F37: =+ROUND(F36/$B$6,2) -> 17.08 | G37: =+ROUND(G36/$B$6,2) -> 17.61 | H37: =+ROUND(H36/$B$6,2) -> 18.14 | I37: =+ROUND(I36/$B$6,2) -> 18.85 | J37: =+ROUND(J36/$B$6,2) -> 19.19 | K37: =+ROUND(K36/$B$6,2) -> 20.95 | L37: =+ROUND(L36/$B$6,2) -> 20.5 | M37: =+ROUND(M36/$B$6,2) -> 23.09 | ... R37: =+ROUND(R36/$B$6,2) -> 30.87
A38: Irap forfettaria al 3,9% | B38: =+B37*0.039 -> 0.58032 | C38: =+C37*0.039 -> 0.58812 | D38: =+D37*0.039 -> 0.61815 | F38: =+F37*0.039 -> 0.66612 | G38: =+G37*0.039 -> 0.68679 | H38: =+H37*0.039 -> 0.70746 | I38: =+I37*0.039 -> 0.73515 | J38: =+J37*0.039 -> 0.74841 | K38: =+K37*0.039 -> 0.81705 | L38: =+L37*0.039 -> 0.7995 | M38: =+M37*0.039 -> 0.90051 | ... R38: =+R37*0.039 -> 1.20393
A39: Irap | B39: =+ROUND(B37*$B$3,2) -> 0 | C39: =+ROUND(C37*$B$3,2) -> 0 | D39: =+ROUND(D37*$B$3,2) -> 0 | F39: =+ROUND(F37*$B$3,2) -> 0 | G39: =+ROUND(G37*$B$3,2) -> 0 | H39: =+ROUND(H37*$B$3,2) -> 0 | I39: =+ROUND(I37*$B$3,2) -> 0 | J39: =+ROUND(J37*$B$3,2) -> 0 | K39: =+ROUND(K37*$B$3,2) -> 0 | L39: =+ROUND(L37*$B$3,2) -> 0 | M39: =+ROUND(M37*$B$3,2) -> 0 | ... R39: =+ROUND(R37*$B$3,2) -> 0
A40: Totale costo orario | B40: =+B39+B35 -> 15.5 | C40: =+C39+C35 -> 15.71 | D40: =+D39+D35 -> 16.51 | F40: =+F39+F35 -> 17.78 | G40: =+G39+G35 -> 18.32 | H40: =+H39+H35 -> 18.87 | I40: =+I39+I35 -> 19.6 | J40: =+J39+J35 -> 19.95 | K40: =+K39+K35 -> 21.77 | L40: =+L39+L35 -> 21.3 | M40: =+M39+M35 -> 23.98 | ... R40: =+R39+R35 -> 32.02
B45: Specifica
B46: Specifica
B48: Calabria | C48: =4.97% -> 0.0497
B49: Campania | C49: =4.4% -> 0.044
B50: Sicilia | C50: 0
B51: Puglia | C51: 0
B53: Si
B54: No
A56: indennità di turno | B56: 2747.04 | C56: 2783.24 | D56: 2926.92 | F56: 3154.69 | G56: 3252.25 | H56: 3351.14 | I56: 3481.75 | J56: 3544.11 | K56: 3870.67 | L56: 3786.28 | M56: 4265.91 | N56: 4646.88 | O56: 4887.57 | P56: 5105.26 | Q56: 5707.26 | R56: 5707.26

Sheet CCNL cooperative (9-20)
A1: TipologiaAliquota IRAP | B1: Specifica
A2: Regione | B2: =+INPUT!C2 -> Puglia
A3: Aliquota Irap Applicata | B3: =+IF(B1="Generale",0.039,INDEX(C48:C51,MATCH(B2,B48:B51,0))) -> 0
A5: Indennità di turno | B5: No
A6: Numero ore annuali lavorate | B6: 1548 | C6: 1548
A9: Livelli | B9: A1 | C9: A2 | D9: B1 | E9: B1 con i.f. | F9: C1 | G9: C2 | H9: C3/D1 | I9: C3/D1 con i.p. | J9: D2 | K9: D2 con i.p. | L9: D3/E1 | M9: E2 | N9: E2 con i.p. | O9: F1 | P9: F1 con i.p. | Q9: F2 | R9: F2 con i.d.
A10: Minimi contr.li conglobati mensili | B10: 1254.59 | C10: 1266.21 | D10: 1325.21 | F10: 1425.21 | G10: 1467.9 | H10: 1511.25 | I10: 1511.25 | J10: 1594.15 | K10: 1594.15 | L10: 1697.04 | M10: 1831.74 | N10: 1831.74 | O10: 2023.07 | P10: 2023.07 | Q10: 2310.41 | R10: 2310.41
A11: Anzianità (tre scatti) | B11: 34.86 | C11: 40.29 | D11: 48.81 | F11: 55.77 | G11: 58.89 | H11: 61.98 | I11: 61.98 | J11: 69.72 | K11: 69.72 | L11: 80.58 | M11: 94.5 | N11: 94.5 | O11: 118.53 | P11: 118.53 | Q11: 139.44 | R11: 139.44
A12: Indennità professionali | I12: 61.97 | K12: 154.94 | N12: 258.23 | P12: 258.23 | R12: 232.41
A13: Indennità di funzione | M13: 77.47 | O13: 154.94 | Q13: 232.41
A14: Altre indennità | B14: 31.99 | C14: 32.29 | D14: 33.79 | F14: 36.34 | G14: 37.43 | H14: 38.54 | I14: 38.54 | J14: 40.65 | K14: 40.65 | L14: 43.27 | M14: 46.71 | N14: 46.71 | O14: 51.59 | P14: 51.59 | Q14: 58.92 | R14: 58.92
A16: Lordo Mensile | B16: =+SUM(B10:B14) -> 1321.44 | C16: =+SUM(C10:C14) -> 1338.79 | D16: =+SUM(D10:D14) -> 1407.81 | E16: =+SUM(E10:E14) -> 0 | F16: =+SUM(F10:F14) -> 1517.32 | G16: =+SUM(G10:G14) -> 1564.22 | H16: =+SUM(H10:H14) -> 1611.77 | I16: =+SUM(I10:I14) -> 1673.74 | ... R16: =+SUM(R10:R14) -> 2741.18
A17: Totale Lordo annuo+ 13esima | B17: =+B16*13 -> 17178.72 | C17: =+C16*13 -> 17404.27 | D17: =+D16*13 -> 18301.53 | E17: =+E16*13 -> 0 | F17: =+F16*13 -> 19725.16 | G17: =+G16*13 -> 20334.86 | H17: =+H16*13 -> 20953.01 | I17: =+I16*13 -> 21758.62 | ... R17: =+R16*13 -> 35635.34
A19: Oneri
A20: Inps (27,33%) | B20: =+B17*0.2733 -> 4694.9442 | C20: =+C17*0.2733 -> 4756.587 | D20: =+D17*0.2733 -> 5001.8081 | F20: =+F17*0.2733 -> 5390.8862 | G20: =+G17*0.2733 -> 5557.5172 | H20: =+H17*0.2733 -> 5726.4576 | I20: =+I17*0.2733 -> 5946.6308 | J20: =+J17*0.2733 -> 6055.9891 | K20: =+K17*0.2733 -> 6606.4754 | L20: =+L17*0.2733 -> 6469.4401 | M20: =+M17*0.2733 -> 7284.9372 | ... R20: =+R17*0.2733 -> 9739.1384
A21: Inail (3%) | B21: =+B17*0.03 -> 515.3616 | C21: =+C17*0.03 -> 522.1281 | D21: =+D17*0.03 -> 549.0459 | F21: =+F17*0.03 -> 591.7548 | G21: =+G17*0.03 -> 610.0458 | H21: =+H17*0.03 -> 628.5903 | I21: =+I17*0.03 -> 652.7586 | J21: =+J17*0.03 -> 664.7628 | K21: =+K17*0.03 -> 725.1894 | L21: =+L17*0.03 -> 710.1471 | M21: =+M17*0.03 -> 799.6638 | ... R21: =+R17*0.03 -> 1069.0602
A22: Totale oneri | B22: =+B21+B20 -> 5210.3058 | C22: =+C21+C20 -> 5278.7151 | D22: =+D21+D20 -> 5550.854 | F22: =+F21+F20 -> 5982.641 | G22: =+G21+G20 -> 6167.563 | H22: =+H21+H20 -> 6355.0479 | I22: =+I21+I20 -> 6599.3894 | J22: =+J21+J20 -> 6720.7519 | K22: =+K21+K20 -> 7331.6648 | L22: =+L21+L20 -> 7179.5872 | M22: =+M21+M20 -> 8084.601 | ... R22: =+R21+R20 -> 10808.199
A24: Oneri per la sciurezza | B24: 200 | C24: 200 | D24: 200 | F24: 200 | G24: 200 | H24: 200 | I24: 200 | J24: 200 | K24: 200 | L24: 200 | M24: 200 | N24: 200 | O24: 200 | P24: 200 | Q24: 200 | R24: 200
A25: TFR | B25: =+B16*0.962962 -> 1272.4965 | C25: =+C16*0.962962 -> 1289.2039 | D25: =+D16*0.962962 -> 1355.6675 | F25: =+F16*0.962962 -> 1461.1215 | G25: =+G16*0.962962 -> 1506.2844 | H25: =+H16*0.962962 -> 1552.0733 | I25: =+I16*0.962962 -> 1611.748 | J25: =+J16*0.962962 -> 1641.388 | K25: =+K16*0.962962 -> 1790.5893 | L25: =+L16*0.962962 -> 1753.4479 | M25: =+M16*0.962962 -> 1974.4765 | ... R25: =+R16*0.962962 -> 2639.6522
A26: Rivalutazione T.F.R. (1,8673% ) * stimata su 6 anni | B26: =+B25*0.018673*6 -> 142.56796 | C26: =+C25*0.018673*6 -> 144.43983 | D26: =+D25*0.018673*6 -> 151.88628 | E26: =+E25*0.018673*6 -> 0 | F26: =+F25*0.018673*6 -> 163.70113 | G26: =+G25*0.018673*6 -> 168.76109 | H26: =+H25*0.018673*6 -> 173.89118 | I26: =+I25*0.018673*6 -> 180.57702 | ... R26: =+R25*0.018673*6 -> 295.74135
A27: Previdenza complementare (1,5%) | B27: =+B17*0.015 -> 257.6808 | C27: =+C17*0.015 -> 261.06405 | D27: =+D17*0.015 -> 274.52295 | F27: =+F17*0.015 -> 295.8774 | G27: =+G17*0.015 -> 305.0229 | H27: =+H17*0.015 -> 314.29515 | I27: =+I17*0.015 -> 326.3793 | J27: =+J17*0.015 -> 332.3814 | K27: =+K17*0.015 -> 362.5947 | L27: =+L17*0.015 -> 355.07355 | M27: =+M17*0.015 -> 399.8319 | ... R27: =+R17*0.015 -> 534.5301
A28: Assistenza Sanitaria Integrativa | B28: 66 | C28: 66 | D28: 66 | F28: 66 | G28: 66 | H28: 66 | I28: 66 | J28: 66 | K28: 66 | L28: 66 | M28: 66 | N28: 66 | O28: 66 | P28: 66 | Q28: 66 | R28: 66
A30: Costo Annuo | B30: =+B17+B22+B25+B26+B27+B28+B24 -> 24327.771 | C30: =+C17+C22+C25+C26+C27+C28+C24 -> 24643.693 | D30: =+D17+D22+D25+D26+D27+D28+D24 -> 25900.461 | F30: =+F17+F22+F25+F26+F27+F28+F24 -> 27894.501 | G30: =+G17+G22+G25+G26+G27+G28+G24 -> 28748.491 | H30: =+H17+H22+H25+H26+H27+H28+H24 -> 29614.318 | I30: =+I17+I22+I25+I26+I27+I28+I24 -> 30742.714 | J30: =+J17+J22+J25+J26+J27+J28+J24 -> 31303.179 | K30: =+K17+K22+K25+K26+K27+K28+K24 -> 34124.443 | L30: =+L17+L22+L25+L26+L27+L28+L24 -> 33422.131 | M30: =+M17+M22+M25+M26+M27+M28+M24 -> 37601.586 | ... R30: =+R17+R22+R25+R26+R27+R28+R24 -> 50179.462
A31: Indennità di turno | B31: =+IF($B$5="Si",B56,0) -> 0 | C31: =+IF($B$5="Si",C56,0) -> 0 | D31: =+IF($B$5="Si",D56,0) -> 0 | F31: =+IF($B$5="Si",F56,0) -> 0 | G31: =+IF($B$5="Si",G56,0) -> 0 | H31: =+IF($B$5="Si",H56,0) -> 0 | I31: =+IF($B$5="Si",I56,0) -> 0 | J31: =+IF($B$5="Si",J56,0) -> 0 | K31: =+IF($B$5="Si",K56,0) -> 0 | L31: =+IF($B$5="Si",L56,0) -> 0 | M31: =+IF($B$5="Si",M56,0) -> 0 | ... R31: =+IF($B$5="Si",R56,0) -> 0
A33: Totale costo annuo | B33: =+B31+B30 -> 24327.771 | C33: =+C31+C30 -> 24643.693 | D33: =+D31+D30 -> 25900.461 | F33: =+F31+F30 -> 27894.501 | G33: =+G31+G30 -> 28748.491 | H33: =+H31+H30 -> 29614.318 | I33: =+I31+I30 -> 30742.714 | J33: =+J31+J30 -> 31303.179 | K33: =+K31+K30 -> 34124.443 | L33: =+L31+L30 -> 33422.131 | M33: =+M31+M30 -> 37601.586 | ... R33: =+R31+R30 -> 50179.462
A35: Costo orario | B35: =+ROUND(B33/$B$6,2) -> 15.72 | C35: =+ROUND(C33/$B$6,2) -> 15.92 | D35: =+ROUND(D33/$B$6,2) -> 16.73 | F35: =+ROUND(F33/$B$6,2) -> 18.02 | G35: =+ROUND(G33/$B$6,2) -> 18.57 | H35: =+ROUND(H33/$B$6,2) -> 19.13 | I35: =+ROUND(I33/$B$6,2) -> 19.86 | J35: =+ROUND(J33/$B$6,2) -> 20.22 | K35: =+ROUND(K33/$B$6,2) -> 22.04 | L35: =+ROUND(L33/$B$6,2) -> 21.59 | M35: =+ROUND(M33/$B$6,2) -> 24.29 | ... R35: =+ROUND(R33/$B$6,2) -> 32.42
A36: imponibile irap | B36: =+B33-B21-B27-B24 -> 23354.729 | C36: =+C33-C21-C27-C24 -> 23660.501 | D36: =+D33-D21-D27-D24 -> 24876.892 | E36: =+E33-E21-E27-E24 -> 0 | F36: =+F33-F21-F27-F24 -> 26806.869 | G36: =+G33-G21-G27-G24 -> 27633.423 | H36: =+H33-H21-H27-H24 -> 28471.432 | I36: =+I33-I21-I27-I24 -> 29563.576 | ... R36: =+R33-R21-R27-R24 -> 48375.872
A37: imponibile irap orario | B37: =+ROUND(B36/$B$6,2) -> 15.09 | C37: =+ROUND(C36/$B$6,2) -> 15.28 | D37: =+ROUND(D36/$B$6,2) -> 16.07 | F37: =+ROUND(F36/$B$6,2) -> 17.32 | G37: =+ROUND(G36/$B$6,2) -> 17.85 | H37: =+ROUND(H36/$B$6,2) -> 18.39 | I37: =+ROUND(I36/$B$6,2) -> 19.1 | J37: =+ROUND(J36/$B$6,2) -> 19.45 | K37: =+ROUND(K36/$B$6,2) -> 21.21 | L37: =+ROUND(L36/$B$6,2) -> 20.77 | M37: =+ROUND(M36/$B$6,2) -> 23.39 | ... R37: =+ROUND(R36/$B$6,2) -> 31.25
A38: Irap forfettaria al 3,9% | B38: =+B37*0.039 -> 0.58851 | C38: =+C37*0.039 -> 0.59592 | D38: =+D37*0.039 -> 0.62673 | F38: =+F37*0.039 -> 0.67548 | G38: =+G37*0.039 -> 0.69615 | H38: =+H37*0.039 -> 0.71721 | I38: =+I37*0.039 -> 0.7449 | J38: =+J37*0.039 -> 0.75855 | K38: =+K37*0.039 -> 0.82719 | L38: =+L37*0.039 -> 0.81003 | M38: =+M37*0.039 -> 0.91221 | ... R38: =+R37*0.039 -> 1.21875
A39: Irap | B39: =+ROUND(B37*$B$3,2) -> 0 | C39: =+ROUND(C37*$B$3,2) -> 0 | D39: =+ROUND(D37*$B$3,2) -> 0 | F39: =+ROUND(F37*$B$3,2) -> 0 | G39: =+ROUND(G37*$B$3,2) -> 0 | H39: =+ROUND(H37*$B$3,2) -> 0 | I39: =+ROUND(I37*$B$3,2) -> 0 | J39: =+ROUND(J37*$B$3,2) -> 0 | K39: =+ROUND(K37*$B$3,2) -> 0 | L39: =+ROUND(L37*$B$3,2) -> 0 | M39: =+ROUND(M37*$B$3,2) -> 0 | ... R39: =+ROUND(R37*$B$3,2) -> 0
A40: Totale costo orario | B40: =+B39+B35 -> 15.72 | C40: =+C39+C35 -> 15.92 | D40: =+D39+D35 -> 16.73 | F40: =+F39+F35 -> 18.02 | G40: =+G39+G35 -> 18.57 | H40: =+H39+H35 -> 19.13 | I40: =+I39+I35 -> 19.86 | J40: =+J39+J35 -> 20.22 | K40: =+K39+K35 -> 22.04 | L40: =+L39+L35 -> 21.59 | M40: =+M39+M35 -> 24.29 | ... R40: =+R39+R35 -> 32.42
B45: Specifica
B46: Specifica
B48: Calabria | C48: =4.97% -> 0.0497
B49: Campania | C49: =4.4% -> 0.044
B50: Sicilia | C50: 0
B51: Puglia | C51: 0
B53: Si
B54: No
A56: indennità di turno | B56: 2785.08 | C56: 2821.65 | D56: 2967.11 | F56: 3197.92 | G56: 3296.77 | H56: 3396.98 | I56: 3527.59 | J56: 3592.46 | K56: 3919.01 | L56: 3837.72 | M56: 4321.48 | N56: 4702.45 | O56: 4948.94 | P56: 5166.63 | Q56: 5777.33 | R56: 5777.33
